Workbook

Sheet Quarterly Submission Guide
C1: Yes | D1: No | E1: <-- for dropdowns
B3: Wildfire Safety Division Attachment 2.3
B4: Wildifire Mitigation Plan Quarterly report - non-spatial data template
B5: Resolution WSD-011 Attachment 2.3
B6: Instructions for use | J6: Relevant options for mitigations table: Table 12
B7: 1 | C7: Fill out the tan cells (color represented here) starting with the cell below (D17: Utility). The Utility name will populate the Table tabs to follow. Date modified will vary by table.
B8: 2 | C8: Cells will only accept valid entries. For most cells, this is positive numbers
B9: 3 | C9: For each Table tab, after a modification is made, denote the date of the change in cell C4 for each Table tab. | K9: Initiative categories | L9: WMP Maturity model Categories | M9: Driver options
B10: 4 | C10: Some columns have an additional header in row 5 to serve as clarification for several columns. With the exception of projected data, row 5 will be highlighted in blue (color represented here) | K10: Vegetation inspection | L10: Risk Assessment & Mapping | M10: 1. Ignitions | N10: Contact with vegetation
B11: 5 | C11: Some required metrics are future projections. For these, row 5, above the projections will be highlighted light green (color represented here) | K11: Vegetation management project | L11: Situational Awareness & Forecasting | N11: Other contact with object
C12: In future submissions, report updated projected numbers if / when projections have changed, and report actuals once the quarter / year has passed. | K12: Asset inspection | L12: Grid Design & System Hardening | N12: Equipment failure
B13: 6 | C13: For data required annually rather than quarterly (see Tables 7.3 - 10), report for entire year even if part of the year is projected. Once year has passed, update cell with actuals | K13: Grid hardening | L13: Asset Management & Inspections | N13: Wire-to-wire contact
B14: 7 | C14: Some tables will have additional instructions provided in a Notes box located in cells D2 - D4 | K14: Other | L14: Vegetation Management & Inspections | N14: Contamination
C15: Notes will explain terms, signal where projections are required, and provide other useful information. | L15: Grid Operations & Operating Protocols | N15: Vandalism / Theft
B16: 8 | C16: For the initial quarterly submission, utilities are required to submit data on annual metrics for 2015 - 2020, which should represent the most updated data from the 2020 WMP for years 2015-2019 | L16: Data Governance | M16: 2. PSPS | N16: PSPS - for sectionalization, etc.
B17: * | C17: Do not add or manipulate the template for any of the tabs | L17: Resource Allocation Methodology
L18: Emergency Planning & Preparedness
B19: Update the below table to establish which year, quarter of the WMP cycle this submission this represents. | L19: Stakeholder Cooperation & Community Engagement
B20: Utility | D20: Liberty
B21: First year of 3-year WMP cycle | D21: 2020
B22: Submission year | D22: 2021
B23: Submission quarter | D23: Q3
B24: Date Modified | D24: 44501

Sheet Table 1
B2: Utility | C2: =IF('[1]Quarterly Submission Guide'!$D$20 = "", "",'[1]Quarterly Submission Guide'!$D$20) -> Liberty | D2: Notes:
B3: Table No. | C3: 1 | D3: Transmission lines refer to all lines at or above 65kV, and distribution lines refer to all lines below 65kV.
B4: Date Modified | C4: ='Quarterly Submission Guide'!D24 -> 44501
N5: Note: These columns are placeholders for future QR submissions.
B6: Table 1: Recent performance on progress metrics | J6: 1 | K6: 2 | L6: 3 | M6: 4 | N6: 1 | O6: 2 | P6: 3 | Q6: 4 | R6: 1 | S6: 2 | T6: 3 | U6: 4
B7: Metric type | C7: # | D7: Progress metric name | E7: 2015 | F7: 2016 | G7: 2017 | H7: 2018 | I7: 2019 | J7: 2020 | K7: 2020 | L7: 2020 | M7: 2020 | N7: 2021 | O7: 2021 | P7: 2021 | Q7: 2021 | R7: 2022 | S7: 2022 | T7: 2022 | U7: 2022 | V7: Unit(s) | W7: Comments
B8: 1. Grid condition findings from inspection - Distribution lines in HFTD | C8: 1.a. | D8: Number of circuit miles inspected from patrol inspections in HFTD - Distribution lines | E8: 0 | F8: 0 | G8: 0 | H8: 0 | I8: 0 | J8: 0 | K8: 0 | L8: 0 | M8: 0 | N8: 0 | O8: 0 | P8: 0 | V8: # circuit miles
C9: 1.b. | D9: Number of circuit miles inspected from detailed inspections in HFTD - Distribution lines | E9: 16 | F9: 140 | G9: 392 | H9: 80.9 | I9: 51.4 | J9: 0 | K9: 361 | L9: 457.7 | M9: 163 | N9: 0 | O9: 67 | P9: 0 | V9: # circuit miles
C10: 1.c. | D10: Number of circuit miles inspected from other inspections (list types of "other" inspections in comments) in HFTD - Distribution lines | E10: 0 | F10: 0 | G10: 0 | H10: 0 | I10: 0 | J10: 0 | K10: 0 | L10: 0 | M10: 0 | N10: 0 | O10: 0 | P10: 0 | V10: # circuit miles
C11: 1.d. | D11: Level 1 findings in HFTD for patrol inspections - Distribution lines | E11: 0 | F11: 0 | G11: 0 | H11: 0 | I11: 0 | J11: 0 | K11: 0 | L11: 0 | M11: 0 | N11: 0 | O11: 0 | P11: 0 | V11: # findings
C12: 1.e. | D12: Level 1 findings in HFTD for detailed inspections - Distribution lines | E12: 0 | F12: 0 | G12: 3 | H12: 0 | I12: 0 | J12: 0 | K12: 19 | L12: 37 | M12: 0 | N12: 0 | O12: 1 | P12: 0 | V12: # findings
C13: 1.f. | D13: Level 1 findings in HFTD for other inspections (list types of "other" inspections in comments) - Distribution lines | E13: 0 | F13: 0 | G13: 0 | H13: 0 | I13: 0 | J13: 0 | K13: 0 | L13: 0 | M13: 0 | N13: 0 | O13: 0 | P13: 0 | V13: # findings
C14: 1.g. | D14: Level 2 findings in HFTD for patrol inspections - Distribution lines | E14: 0 | F14: 0 | G14: 0 | H14: 0 | I14: 0 | J14: 0 | K14: 0 | L14: 0 | M14: 0 | N14: 0 | O14: 0 | P14: 0 | V14: # findings
C15: 1.h. | D15: Level 2 findings in HFTD for detailed inspections - Distribution lines | E15: 0 | F15: 98 | G15: 17 | H15: 8 | I15: 43 | J15: 0 | K15: 316 | L15: 1102 | M15: 7 | N15: 0 | O15: 7 | P15: 0 | V15: # findings
C16: 1.i. | D16: Level 2 findings in HFTD for other inspections (list types of "other" inspections in comments) - Distribution lines | E16: 0 | F16: 0 | G16: 0 | H16: 0 | I16: 0 | J16: 0 | K16: 0 | L16: 0 | M16: 0 | N16: 0 | O16: 0 | P16: 0 | V16: # findings
C17: 1.j. | D17: Level 3 findings in HFTD for patrol inspections - Distribution lines | E17: 0 | F17: 0 | G17: 0 | H17: 0 | I17: 0 | J17: 0 | K17: 0 | L17: 0 | M17: 0 | N17: 0 | O17: 0 | P17: 0 | V17: # findings
C18: 1.k. | D18: Level 3 findings in HFTD for detailed inspections - Distribution lines | E18: 148 | F18: 728 | G18: 2375 | H18: 523 | I18: 776 | J18: 0 | K18: 2895 | L18: 7020 | M18: 171 | N18: 0 | O18: 83 | P18: 0 | V18: # findings
C19: 1.l. | D19: Level 3 findings in HFTD for other inspections (list types of "other" inspections in comments) - Distribution lines | E19: 0 | F19: 0 | G19: 0 | H19: 0 | I19: 0 | J19: 0 | K19: 0 | L19: 0 | M19: 0 | N19: 0 | O19: 0 | P19: 0 | V19: # findings
B20: 1. Grid condition findings from inspection - Distribution lines total | C20: =C8&"ii." -> 1.a.ii. | D20: Number of total circuit miles inspected from patrol inspections - Distribution lines | E20: 0 | F20: 0 | G20: 0 | H20: 0 | I20: 0 | J20: 0 | K20: 0 | L20: 0 | M20: 0 | N20: 0 | O20: 0 | P20: 0 | V20: # circuit miles
C21: =C9&"ii." -> 1.b.ii. | D21: Number of total circuit miles inspected from detailed inspections - Distribution lines | E21: 16 | F21: 140 | G21: 392 | H21: 80.9 | I21: 51.4 | J21: 0 | K21: 361 | L21: 457.7 | M21: 163 | N21: 0 | O21: 67 | P21: 0 | V21: # circuit miles
C22: =C10&"ii." -> 1.c.ii. | D22: Number of total circuit miles inspected from other inspections (list types of "other" inspections in comments) - Distribution lines | E22: 0 | F22: 0 | G22: 0 | H22: 0 | I22: 0 | J22: 0 | K22: 0 | L22: 0 | M22: 0 | N22: 0 | O22: 0 | P22: 0 | V22: # circuit miles
C23: =C11&"ii." -> 1.d.ii. | D23: Level 1 findings for patrol inspections - Distribution lines | E23: 0 | F23: 0 | G23: 0 | H23: 0 | I23: 0 | J23: 0 | K23: 0 | L23: 0 | M23: 0 | N23: 0 | O23: 0 | P23: 0 | V23: # findings
C24: =C12&"ii." -> 1.e.ii. | D24: Level 1 findings for detailed inspections - Distribution lines | E24: 0 | F24: 0 | G24: 3 | H24: 0 | I24: 0 | J24: 0 | K24: 19 | L24: 37 | M24: 0 | N24: 0 | O24: 1 | P24: 0 | V24: # findings
C25: =C13&"ii." -> 1.f.ii. | D25: Level 1 findings for other inspections (list types of "other" inspections in comments) - Distribution lines | E25: 0 | F25: 0 | G25: 0 | H25: 0 | I25: 0 | J25: 0 | K25: 0 | L25: 0 | M25: 0 | N25: 0 | O25: 0 | P25: 0 | V25: # findings
C26: =C14&"ii." -> 1.g.ii. | D26: Level 2 findings for patrol inspections - Distribution lines | E26: 0 | F26: 0 | G26: 0 | H26: 0 | I26: 0 | J26: 0 | K26: 0 | L26: 0 | M26: 0 | N26: 0 | O26: 0 | P26: 0 | V26: # findings
C27: =C15&"ii." -> 1.h.ii. | D27: Level 2 findings for detailed inspections - Distribution lines | E27: 0 | F27: 98 | G27: 17 | H27: 8 | I27: 43 | J27: 0 | K27: 316 | L27: 1102 | M27: 7 | N27: 0 | O27: 7 | P27: 0 | V27: # findings
C28: =C16&"ii." -> 1.i.ii. | D28: Level 2 findings for other inspections (list types of "other" inspections in comments) - Distribution lines | E28: 0 | F28: 0 | G28: 0 | H28: 0 | I28: 0 | J28: 0 | K28: 0 | L28: 0 | M28: 0 | N28: 0 | O28: 0 | P28: 0 | V28: # findings
C29: =C17&"ii." -> 1.j.ii. | D29: Level 3 findings for patrol inspections - Distribution lines | E29: 0 | F29: 0 | G29: 0 | H29: 0 | I29: 0 | J29: 0 | K29: 0 | L29: 0 | M29: 0 | N29: 0 | O29: 0 | P29: 0 | V29: # findings
C30: =C18&"ii." -> 1.k.ii. | D30: Level 3 findings for detailed inspections - Distribution lines | E30: 148 | F30: 728 | G30: 2375 | H30: 523 | I30: 776 | J30: 0 | K30: 2895 | L30: 7020 | M30: 171 | N30: 0 | O30: 83 | P30: 0 | V30: # findings
C31: =C19&"ii." -> 1.l.ii. | D31: Level 3 findings for other inspections (list types of "other" inspections in comments) - Distribution lines | E31: 0 | F31: 0 | G31: 0 | H31: 0 | I31: 0 | J31: 0 | K31: 0 | L31: 0 | M31: 0 | N31: 0 | O31: 0 | P31: 0 | V31: # findings
B32: 1. Grid condition findings from inspection - Transmission lines in HFTD | C32: =C8&"iii." -> 1.a.iii. | D32: Number of circuit miles inspected from patrol inspections in HFTD - Transmission lines | E32: 0 | F32: 0 | G32: 0 | H32: 0 | I32: 0 | J32: 0 | K32: 0 | L32: 0 | M32: 0 | N32: 0 | O32: 0 | P32: 0 | V32: # circuit miles
C33: =C9&"iii." -> 1.b.iii. | D33: Number of circuit miles inspected from detailed inspections in HFTD - Transmission lines | E33: 0 | F33: 0 | G33: 47.7 | H33: 14.5 | I33: 0 | J33: 0 | K33: 6.4 | L33: 17.1 | M33: 17.28 | N33: 0 | O33: 0 | P33: 0 | V33: # circuit miles
C34: =C10&"iii." -> 1.c.iii. | D34: Number of circuit miles inspected from other inspections (list types of "other" inspections in comments) in HFTD - Transmission lines | E34: 0 | F34: 0 | G34: 0 | H34: 0 | I34: 0 | J34: 0 | K34: 0 | L34: 0 | M34: 0 | N34: 0 | O34: 0 | P34: 0 | V34: # circuit miles
C35: =C11&"iii." -> 1.d.iii. | D35: Level 1 findings in HFTD for patrol inspections - Transmission lines | E35: 0 | F35: 0 | G35: 0 | H35: 0 | I35: 0 | J35: 0 | K35: 0 | L35: 0 | M35: 0 | N35: 0 | O35: 0 | P35: 0 | V35: # findings
C36: =C12&"iii." -> 1.e.iii. | D36: Level 1 findings in HFTD for detailed inspections - Transmission lines | E36: 0 | F36: 0 | G36: 0 | H36: 0 | I36: 0 | J36: 0 | K36: 2 | L36: 0 | M36: 0 | N36: 0 | O36: 0 | P36: 0 | V36: # findings
C37: =C13&"iii." -> 1.f.iii. | D37: Level 1 findings in HFTD for other inspections (list types of "other" inspections in comments) - Transmission lines | E37: 0 | F37: 0 | G37: 0 | H37: 0 | I37: 0 | J37: 0 | K37: 0 | L37: 0 | M37: 0 | N37: 0 | O37: 0 | P37: 0 | V37: # findings
C38: =C14&"iii." -> 1.g.iii. | D38: Level 2 findings in HFTD for patrol inspections - Transmission lines | E38: 0 | F38: 0 | G38: 0 | H38: 0 | I38: 0 | J38: 0 | K38: 0 | L38: 0 | M38: 0 | N38: 0 | O38: 0 | P38: 0 | V38: # findings
C39: =C15&"iii." -> 1.h.iii. | D39: Level 2 findings in HFTD for detailed inspections - Transmission lines | E39: 0 | F39: 0 | G39: 0 | H39: 0 | I39: 0 | J39: 0 | K39: 0 | L39: 1 | M39: 0 | N39: 0 | O39: 0 | P39: 0 | V39: # findings
C40: =C16&"iii." -> 1.i.iii. | D40: Level 2 findings in HFTD for other inspections (list types of "other" inspections in comments) - Transmission lines | E40: 0 | F40: 0 | G40: 0 | H40: 0 | I40: 0 | J40: 0 | K40: 0 | L40: 0 | M40: 0 | N40: 0 | O40: 0 | P40: 0 | V40: # findings
C41: =C17&"iii." -> 1.j.iii. | D41: Level 3 findings in HFTD for patrol inspections - Transmission lines | E41: 0 | F41: 0 | G41: 0 | H41: 0 | I41: 0 | J41: 0 | K41: 0 | L41: 0 | M41: 0 | N41: 0 | O41: 0 | P41: 0 | V41: # findings
C42: =C18&"iii." -> 1.k.iii. | D42: Level 3 findings in HFTD for detailed inspections - Transmission lines | E42: 0 | F42: 0 | G42: 386 | H42: 152 | I42: 0 | J42: 0 | K42: 0 | L42: 7 | M42: 19 | N42: 0 | O42: 0 | P42: 0 | V42: # findings
C43: =C19&"iii." -> 1.l.iii. | D43: Level 3 findings in HFTD for other inspections (list types of "other" inspections in comments) - Distribution lines | E43: 0 | F43: 0 | G43: 0 | H43: 0 | I43: 0 | J43: 0 | K43: 0 | L43: 0 | M43: 0 | N43: 0 | O43: 0 | P43: 0 | V43: # findings
B44: 1. Grid condition findings from inspection - Transmission lines total | C44: =C8&"iv." -> 1.a.iv. | D44: Number of total circuit miles inspected from patrol inspections - Transmission lines | E44: 0 | F44: 0 | G44: 0 | H44: 0 | I44: 0 | J44: 0 | K44: 0 | L44: 0 | M44: 0 | N44: 0 | O44: 0 | P44: 0 | V44: # circuit miles
C45: =C9&"iv." -> 1.b.iv. | D45: Number of total circuit miles inspected from detailed inspections - Transmission lines | E45: 0 | F45: 0 | G45: 47.7 | H45: 14.5 | I45: 0 | J45: 0 | K45: 6.4 | L45: 17.1 | M45: 17.28 | N45: 0 | O45: 0 | P45: 0 | V45: # circuit miles
C46: =C10&"iv." -> 1.c.iv. | D46: Number of total circuit miles inspected from other inspections (list types of "other" inspections in comments) - Transmission lines | E46: 0 | F46: 0 | G46: 0 | H46: 0 | I46: 0 | J46: 0 | K46: 0 | L46: 0 | M46: 0 | N46: 0 | O46: 0 | P46: 0 | V46: # circuit miles
C47: =C11&"iv." -> 1.d.iv. | D47: Level 1 findings for patrol inspections - Transmission lines | E47: 0 | F47: 0 | G47: 0 | H47: 0 | I47: 0 | J47: 0 | K47: 0 | L47: 0 | M47: 0 | N47: 0 | O47: 0 | P47: 0 | V47: # findings
C48: =C12&"iv." -> 1.e.iv. | D48: Level 1 findings for detailed inspections - Transmission lines | E48: 0 | F48: 0 | G48: 0 | H48: 0 | I48: 0 | J48: 0 | K48: 2 | L48: 0 | M48: 0 | N48: 0 | O48: 0 | P48: 0 | V48: # findings
C49: =C13&"iv." -> 1.f.iv. | D49: Level 1 findings for other inspections (list types of "other" inspections in comments) - Transmission lines | E49: 0 | F49: 0 | G49: 0 | H49: 0 | I49: 0 | J49: 0 | K49: 0 | L49: 0 | M49: 0 | N49: 0 | O49: 0 | P49: 0 | V49: # findings
C50: =C14&"iv." -> 1.g.iv. | D50: Level 2 findings for patrol inspections - Transmission lines | E50: 0 | F50: 0 | G50: 0 | H50: 0 | I50: 0 | J50: 0 | K50: 0 | L50: 0 | M50: 0 | N50: 0 | O50: 0 | P50: 0 | V50: # findings
C51: =C15&"iv." -> 1.h.iv. | D51: Level 2 findings for detailed inspections - Transmission lines | E51: 0 | F51: 0 | G51: 0 | H51: 0 | I51: 0 | J51: 0 | K51: 0 | L51: 1 | M51: 0 | N51: 0 | O51: 0 | P51: 0 | V51: # findings
C52: =C16&"iv." -> 1.i.iv. | D52: Level 2 findings for other inspections (list types of "other" inspections in comments) - Transmission lines | E52: 0 | F52: 0 | G52: 0 | H52: 0 | I52: 0 | J52: 0 | K52: 0 | L52: 0 | M52: 0 | N52: 0 | O52: 0 | P52: 0 | V52: # findings
C53: =C17&"iv." -> 1.j.iv. | D53: Level 3 findings for patrol inspections - Transmission lines | E53: 0 | F53: 0 | G53: 0 | H53: 0 | I53: 0 | J53: 0 | K53: 0 | L53: 0 | M53: 0 | N53: 0 | O53: 0 | P53: 0 | V53: # findings
C54: =C18&"iv." -> 1.k.iv. | D54: Level 3 findings for detailed inspections - Transmission lines | E54: 0 | F54: 0 | G54: 386 | H54: 152 | I54: 0 | J54: 0 | K54: 0 | L54: 7 | M54: 19 | N54: 0 | O54: 0 | P54: 0 | V54: # findings
C55: =C19&"iv." -> 1.l.iv. | D55: Level 3 findings for other inspections (list types of "other" inspections in comments) - Transmission lines | E55: 0 | F55: 0 | G55: 0 | H55: 0 | I55: 0 | J55: 0 | K55: 0 | L55: 0 | M55: 0 | N55: 0 | O55: 0 | P55: 0 | V55: # findings
B56: 2. Vegetation clearance findings from inspection - total | C56: 2.a.i | D56: Number of spans insepcted where at least some vegetation was found in non-compliant condition - total | E56: 298 | F56: 294 | G56: 296 | H56: 959 | I56: 1352 | J56: 190 | K56: 247 | L56: 309 | M56: 1051 | N56: 142 | O56: 154 | P56: 219 | V56: # of spans inspected with noncompliant clearance based on applicable rules and regulations at the time of inspection
C57: 2.a.ii | D57: Number of spans insepcted for vegetation compliance - total | E57: 1940 | F57: 1595 | G57: 2072 | H57: 11159 | I57: 13938 | J57: 4467 | K57: 4123 | L57: 3890 | M57: 13645 | N57: 4469 | O57: 3074 | P57: 3677 | V57: # of spans inspected for vegetation compliance
B58: 2. Vegetation clearance findings from inspection - in HFTD | C58: 2.b.i | D58: Number of spans insepcted where at least some vegetation was found in non-compliant condition in HFTD | E58: 298 | F58: 294 | G58: 296 | H58: 959 | I58: 1352 | J58: 190 | K58: 247 | L58: 309 | M58: 1051 | N58: 142 | O58: 154 | P58: 219 | V58: # of spans inspected with noncompliant clearance based on applicable rules and regulations at the time of inspection
C59: 2.b.ii | D59: Number of spans insepcted for vegetation compliance in HFTD | E59: 1940 | F59: 1595 | G59: 2072 | H59: 11159 | I59: 13938 | J59: 4467 | K59: 4123 | L59: 3890 | M59: 13645 | N59: 4469 | O59: 3074 | P59: 3677 | V59: # of spans inspected for vegetation compliance
B60: 3. Customer outreach metrics | C60: 3.a. | D60: # Customers in an evacuation zone for utility-ignited wildfire | V60: # customers (if customer was in an evacuation zone for multiple wildfires, count the customer for each relevant wildfire)
C61: Vegetation Management & Inspections | D61: # Customers notified of evacuation orders | V61: # customers (count customer multiple times for each unique wildfire of which they were notified)
C62: 3.c. | D62: % of customers notified of evacuation in evacuation zone of a utility-ignited wildfire | V62: Percentage of customers notified of evacuation

Sheet Table 2
B2: Utility | C2: =IF('[1]Quarterly Submission Guide'!$D$20 = "", "",'[1]Quarterly Submission Guide'!$D$20) -> Liberty | D2: Notes:
B3: Table No. | C3: 2 | D3: Transmission lines refer to all lines at or above 65kV, and distribution lines refer to all lines below 65kV.
B4: Date Modified | C4: ='Quarterly Submission Guide'!D24 -> 44501
N5: Note: These columns are placeholders for future QR submissions.
B6: Table 2: Recent performance on outcome metrics | J6: 1 | K6: 2 | L6: 3 | M6: 4 | N6: 1 | O6: 2 | P6: 3 | Q6: 4 | R6: 1 | S6: 2 | T6: 3 | U6: 4
B7: Metric type | C7: # | D7: Outcome metric name | E7: 2015 | F7: 2016 | G7: 2017 | H7: 2018 | I7: 2019 | J7: 2020 | K7: 2020 | L7: 2020 | M7: 2020 | N7: 2021 | O7: 2021 | P7: 2021 | Q7: 2021 | R7: 2022 | S7: 2022 | T7: 2022 | U7: 2022 | V7: Unit(s) | W7: Comments
B8: 1. Risk events | C8: 1.a. | D8: Number of all events with probability of ignition, including wires down, contacts with objects, line slap, events with evidence of heat generation, and other events that cause sparking or have the potential to cause ignition | E8: 99 | F8: 111 | G8: 137 | H8: 115 | I8: 278 | J8: 22 | K8: 17 | L8: 31 | M8: 54 | N8: 22 | O8: 19 | P8: 13 | V8: Number per year
C9: 1.b. | D9: Number of wires down (total) | E9: 5 | F9: 10 | G9: 3 | H9: 4 | I9: 5 | J9: 2 | K9: 1 | L9: 2 | M9: 1 | N9: 6 | O9: 3 | P9: 3 | V9: Number of wires down per year
C10: 1.c. | D10: Number of outage events not caused by contact with vegetation (total) | E10: 16 | F10: 10 | G10: 19 | H10: 5 | I10: 25 | J10: 8 | K10: 5 | L10: 15 | M10: 14 | N10: 72 | O10: 40 | P10: 55 | V10: Number of outage events per year
C11: 1.d. | D11: Number of outage events caused by contact with vegetation (total) | E11: 21 | F11: 17 | G11: 15 | H11: 14 | I11: 35 | J11: 5 | K11: 7 | L11: 12 | M11: 23 | N11: 9 | O11: 9 | P11: 3 | V11: Number of outage events per year
B12: 2. Utility inspection findings - Distribution | C12: 2.a. | D12: Number of Level 1 findings (distribution - total) | E12: 0 | F12: 0 | G12: 3 | H12: 0 | I12: 0 | J12: 0 | K12: 19 | L12: 37 | M12: 0 | N12: 0 | O12: 1 | P12: 0 | V12: # findings
C13: 2.b. | D13: Number of Level 2 findings (distribution - total) | E13: 0 | F13: 98 | G13: 17 | H13: 8 | I13: 43 | J13: 0 | K13: 316 | L13: 1102 | M13: 7 | N13: 0 | O13: 7 | P13: 0 | V13: # findings
C14: 2.c. | D14: Number of Level 3 findings (distribution - total) | E14: 148 | F14: 728 | G14: 2375 | H14: 523 | I14: 776 | J14: 0 | K14: 2895 | L14: 7020 | M14: 171 | N14: 0 | O14: 83 | P14: 0 | V14: # findings
C15: 2.d. | D15: Number of distribution circuit miles inspected | E15: 43 | F15: 280 | G15: 698.4 | H15: 173.8 | I15: 137.2 | J15: 0 | K15: 740 | L15: 1161.4 | M15: 370.6 | N15: 0 | O15: 67 | P15: 0 | V15: # circuit miles
B16: 2. Utility inspection findings - Transmission | C16: 2.a.ii | D16: Number of Level 1 findings (transmission - total) | E16: 0 | F16: 0 | G16: 0 | H16: 0 | I16: 0 | J16: 0 | K16: 2 | L16: 0 | M16: 0 | N16: 0 | O16: 0 | P16: 0 | V16: # findings
C17: 2.b.ii | D17: Number of Level 2 findings (transmission - total) | E17: 0 | F17: 0 | G17: 0 | H17: 0 | I17: 0 | J17: 0 | K17: 0 | L17: 1 | M17: 0 | N17: 0 | O17: 0 | P17: 0 | V17: # findings
C18: 2.c.ii | D18: Number of Level 3 findings (transmission - total) | E18: 0 | F18: 0 | G18: 386 | H18: 152 | I18: 0 | J18: 0 | K18: 0 | L18: 7 | M18: 19 | N18: 0 | O18: 0 | P18: 0 | V18: # findings
C19: 2.d.ii | D19: Number of transmission circuit miles inspected | E19: 0 | F19: 0 | G19: 45.26 | H19: 14.48 | I19: 0 | J19: 0 | K19: 6.4 | L19: 17.1 | M19: 17.28 | N19: 0 | O19: 0 | P19: 0 | V19: # circuit miles
B20: 3. Utility ignited wildfire fatalities | C20: 3.a. | D20: Fatalities due to utility-ignited wildfire (total) | E20: 0 | F20: 0 | G20: 0 | H20: 0 | I20: 0 | J20: 0 | K20: 0 | L20: 0 | M20: 0 | N20: 0 | O20: 0 | P20: 0 | V20: Number of fatalities per year
C21: 3.b. | D21: Injuries due to utility-ignited wildfire (total) | E21: 0 | F21: 0 | G21: 0 | H21: 0 | I21: 0 | J21: 0 | K21: 0 | L21: 0 | M21: 0 | N21: 0 | O21: 0 | P21: 0 | V21: Number of injuries per year
B22: 4. Value of assets destroyed by utility-ignited wildfire, listed by asset type | C22: 4.a. | D22: Value of assets destroyed by utility-ignited wildfire (total) | E22: 0 | F22: 315649.02 | G22: 0 | H22: 0 | I22: 9855.29 | J22: 0 | K22: 0 | L22: 0 | M22: 0 | N22: 0 | O22: 71000 | P22: 0 | V22: Dollars of damage or destruction per year
B23: 5. Structures damaged or destroyed by utility-ignited wildfire | C23: 5.a. | D23: Number of structures destroyed by utility-ignited wildfire (total) | E23: 0 | F23: 18 | G23: 0 | H23: 0 | I23: 0 | J23: 0 | K23: 0 | L23: 0 | M23: 0 | N23: 0 | O23: 0 | P23: 0 | V23: Number of structures destroyed per year
C24: 5.b. | D24: Critical infrastructure damaged/destroyed by utility-ignited wildfire (total) | E24: 0 | F24: 0 | G24: 0 | H24: 0 | I24: 0 | J24: 0 | K24: 0 | L24: 0 | M24: 0 | N24: 0 | O24: 0 | P24: 0 | V24: Number of critical infrastructure damaged/destroyed per year
B25: 6. Acreage burned by utility-ignited wildfire | C25: 6.a. | D25: Acreage burned by utility-ignited wildfire (total) | E25: 10.25 | F25: 196 | G25: 0 | H25: 0 | I25: 0.5 | J25: 0 | K25: 0 | L25: 0 | M25: 0 | N25: 0 | O25: 2.5 | P25: 0 | V25: Acres burned per year
B26: 7. Number of utility wildfire ignitons | C26: 7.a. | D26: Number of ignitions (total) according to existing ignition data reporting requirement | E26: 2 | F26: 1 | G26: 0 | H26: 0 | I26: 1 | J26: 0 | K26: 0 | L26: 0 | M26: 2 | N26: 0 | O26: 1 | P26: 0 | V26: Number per year
C27: 7.b. | D27: Number of ignitions in HFTD (subtotal) | E27: 2 | F27: 1 | G27: 0 | H27: 0 | I27: 1 | J27: 0 | K27: 0 | L27: 0 | M27: 0 | N27: 0 | O27: 1 | P27: 0 | V27: Number in HFTD per year
C28: 7.c. | D28: Number of ignitions in HFTD Zone 1 | E28: 0 | F28: 0 | G28: 0 | H28: 0 | I28: 0 | J28: 0 | K28: 0 | L28: 0 | M28: 0 | N28: 0 | O28: 0 | P28: 0 | V28: Number in HFTD Zone 1 per year
C29: 7.c.ii. | D29: Number of ignitions in HFTD Tier 2 | E29: 2 | F29: 1 | G29: 0 | H29: 0 | I29: 1 | J29: 0 | K29: 0 | L29: 0 | M29: 2 | N29: 0 | O29: 1 | P29: 0 | V29: Number in HFTD Tier 2 per year
C30: 7.c.iii. | D30: Number of ignitions in HFTD Tier 3 | E30: 0 | F30: 0 | G30: 0 | H30: 0 | I30: 0 | J30: 0 | K30: 0 | L30: 0 | M30: 0 | N30: 0 | O30: 0 | P30: 0 | V30: Number in HFTD Tier 3 per year
C31: 7.d. | D31: Number of ignitions in non-HFTD (subtotal) | E31: 0 | F31: 0 | G31: 0 | H31: 0 | I31: 0 | J31: 0 | K31: 0 | L31: 0 | M31: 0 | N31: 0 | O31: 0 | P31: 0 | V31: Number in non-HFTD per year
B32: 8. Fatalities resulting from utility wildfire mitigation initiatives | C32: 8.a. | D32: Fatalities due to utility wildfire mitigation activities (total) - "activities" defined as all activities accounted for in the 2020 WMP proposed WMP spend | E32: 0 | F32: 0 | G32: 0 | H32: 0 | I32: 0 | J32: 0 | K32: 0 | L32: 0 | M32: 0 | N32: 0 | O32: 0 | P32: 0 | V32: Number of fatalities per year
B33: 9. OSHA-reportable injuries from utility wildfire mitigation initiatives | C33: 9.a. | D33: OSHA-reportable injuries due to utility wildfire mitigation activities (total) - "activities" defined as all activities accounted for in the 2020 WMP proposed WMP spend | E33: 0 | F33: 0 | G33: 0 | H33: 0 | I33: 0 | J33: 0 | K33: 0 | L33: 0 | M33: 0 | N33: 0 | O33: 0 | P33: 0 | V33: Number of OSHA-reportable injuries per year
C61: Vegetation Management & Inspections

Sheet Table 3
B2: Utility | C2: =IF('Quarterly Submission Guide'!$D$20 = "", "",'Quarterly Submission Guide'!$D$20) -> Liberty
B3: Table No. | C3: 3
B4: Date Modified | C4: ='Quarterly Submission Guide'!D24 -> 44501
P5: Note: These columns are placeholders for future QR submissions.
B6: Table 3: List and description of additional metrics | L6: 1 | M6: 2 | N6: 3 | O6: 4 | P6: 1 | Q6: 2 | R6: 3 | S6: 4 | T6: 1 | U6: 2 | V6: 3 | W6: 4
B7: Metric | C7: Definition | D7: Purpose | E7: Assumptions made to connect metric to purpose | F7: Third-party validation (if any) | G7: 2015 | H7: 2016 | I7: 2017 | J7: 2018 | K7: 2019 | L7: 2020 | M7: 2020 | N7: 2020 | O7: 2020 | P7: 2021 | Q7: 2021 | R7: 2021 | S7: 2021 | T7: 2022 | U7: 2022 | V7: 2022 | W7: 2022 | X7: Unit(s) | Y7: Comments
C61: Vegetation Management & Inspections

Sheet Table 4
B2: Utility | C2: =IF('Quarterly Submission Guide'!$D$20 = "", "",'Quarterly Submission Guide'!$D$20) -> Liberty
B3: Table No. | C3: 4
B4: Date Modified | C4: ='Quarterly Submission Guide'!D24 -> 44501
N5: Note: These columns are placeholders for future QR submissions.
B6: Table 4: Fatalities due to utility wildfire mitigation initiatives | J6: 1 | K6: 2 | L6: 3 | M6: 4 | N6: 1 | O6: 2 | P6: 3 | Q6: 4 | R6: 1 | S6: 2 | T6: 3 | U6: 4
B7: Metric type | C7: # | D7: Outcome metric name | E7: 2015 | F7: 2016 | G7: 2017 | H7: 2018 | I7: 2019 | J7: 2020 | K7: 2020 | L7: 2020 | M7: 2020 | N7: 2021 | O7: 2021 | P7: 2021 | Q7: 2021 | R7: 2022 | S7: 2022 | T7: 2022 | U7: 2022 | V7: Unit(s) | W7: Comments
B8: 1. Fatalities - Full-time Employee | C8: 1.a. | D8: Fatalities due to utility inspection - Full-time employee | E8: 0 | F8: 0 | G8: 0 | H8: 0 | I8: 0 | J8: 0 | K8: 0 | L8: 0 | M8: 0 | N8: 0 | O8: 0 | P8: 0 | V8: # fatalities
C9: 1.b. | D9: Fatalities due to vegetation management - Full-time employee | E9: 0 | F9: 0 | G9: 0 | H9: 0 | I9: 0 | J9: 0 | K9: 0 | L9: 0 | M9: 0 | N9: 0 | O9: 0 | P9: 0 | V9: # fatalities
C10: 1.c. | D10: Fatalities due to utility fuel management - Full-time employee | E10: 0 | F10: 0 | G10: 0 | H10: 0 | I10: 0 | J10: 0 | K10: 0 | L10: 0 | M10: 0 | N10: 0 | O10: 0 | P10: 0 | V10: # fatalities
C11: 1.d. | D11: Fatalities due to grid hardening - Full-time employee | E11: 0 | F11: 0 | G11: 0 | H11: 0 | I11: 0 | J11: 0 | K11: 0 | L11: 0 | M11: 0 | N11: 0 | O11: 0 | P11: 0 | V11: # fatalities
C12: 1.e. | D12: Fatalities due to other - Full-time employee | E12: 0 | F12: 0 | G12: 0 | H12: 0 | I12: 0 | J12: 0 | K12: 0 | L12: 0 | M12: 0 | N12: 0 | O12: 0 | P12: 0 | V12: # fatalities
B13: 2. Fatalities - Contractor | C13: 2.a. | D13: Fatalities due to utility inspection - Contractor | E13: 0 | F13: 0 | G13: 0 | H13: 0 | I13: 0 | J13: 0 | K13: 0 | L13: 0 | M13: 0 | N13: 0 | O13: 0 | P13: 0 | V13: # fatalities
C14: 2.b. | D14: Fatalities due to vegetation management - Contractor | E14: 0 | F14: 0 | G14: 0 | H14: 0 | I14: 0 | J14: 0 | K14: 0 | L14: 0 | M14: 0 | N14: 0 | O14: 0 | P14: 0 | V14: # fatalities
C15: 2.c. | D15: Fatalities due to utility fuel management - Contractor | E15: 0 | F15: 0 | G15: 0 | H15: 0 | I15: 0 | J15: 0 | K15: 0 | L15: 0 | M15: 0 | N15: 0 | O15: 0 | P15: 0 | V15: # fatalities
C16: 2.d. | D16: Fatalities due to grid hardening - Contractor | E16: 0 | F16: 0 | G16: 0 | H16: 0 | I16: 0 | J16: 0 | K16: 0 | L16: 0 | M16: 0 | N16: 0 | O16: 0 | P16: 0 | V16: # fatalities
C17: 2.e. | D17: Fatalities due to other - Contractor | E17: 0 | F17: 0 | G17: 0 | H17: 0 | I17: 0 | J17: 0 | K17: 0 | L17: 0 | M17: 0 | N17: 0 | O17: 0 | P17: 0 | V17: # fatalities
B18: 3. Fatalities - Member of public | C18: 3.a. | D18: Fatalities due to utility inspection - Public | E18: 0 | F18: 0 | G18: 0 | H18: 0 | I18: 0 | J18: 0 | K18: 0 | L18: 0 | M18: 0 | N18: 0 | O18: 0 | P18: 0 | V18: # fatalities
C19: 3.b. | D19: Fatalities due to vegetation management - Public | E19: 0 | F19: 0 | G19: 0 | H19: 0 | I19: 0 | J19: 0 | K19: 0 | L19: 0 | M19: 0 | N19: 0 | O19: 0 | P19: 0 | V19: # fatalities
C20: 3.c. | D20: Fatalities due to utility fuel management - Public | E20: 0 | F20: 0 | G20: 0 | H20: 0 | I20: 0 | J20: 0 | K20: 0 | L20: 0 | M20: 0 | N20: 0 | O20: 0 | P20: 0 | V20: # fatalities
C21: 3.d. | D21: Fatalities due to grid hardening - Public | E21: 0 | F21: 0 | G21: 0 | H21: 0 | I21: 0 | J21: 0 | K21: 0 | L21: 0 | M21: 0 | N21: 0 | O21: 0 | P21: 0 | V21: # fatalities
C22: 3.e. | D22: Fatalities due to other - Public | E22: 0 | F22: 0 | G22: 0 | H22: 0 | I22: 0 | J22: 0 | K22: 0 | L22: 0 | M22: 0 | N22: 0 | O22: 0 | P22: 0 | V22: # fatalities
C61: Vegetation Management & Inspections

Sheet Table 5
B2: Utility | C2: =IF('Quarterly Submission Guide'!$D$20 = "", "",'Quarterly Submission Guide'!$D$20) -> Liberty
B3: Table No. | C3: 5
B4: Date Modified | C4: ='Quarterly Submission Guide'!D24 -> 44501
N5: Note: These columns are placeholders for future QR submissions.
B6: Table 5: OSHA-reportable injuries due to utility wildfire mitigation initiatives | J6: 1 | K6: 2 | L6: 3 | M6: 4 | N6: 1 | O6: 2 | P6: 3 | Q6: 4 | R6: 1 | S6: 2 | T6: 3 | U6: 4
B7: Metric type | C7: # | D7: Outcome metric name | E7: 2015 | F7: 2016 | G7: 2017 | H7: 2018 | I7: 2019 | J7: 2020 | K7: 2020 | L7: 2020 | M7: 2020 | N7: 2021 | O7: 2021 | P7: 2021 | Q7: 2021 | R7: 2022 | S7: 2022 | T7: 2022 | U7: 2022 | V7: Unit(s) | W7: Comments
B8: 1. OSHA injuries - Full-time Employee | C8: 1.a. | D8: OSHA injuries due to utility inspection - Full-time employee | E8: 0 | F8: 0 | G8: 0 | H8: 0 | I8: 0 | J8: 0 | K8: 0 | L8: 0 | M8: 0 | N8: 0 | O8: 0 | P8: 0 | V8: # OSHA-reportable injuries
C9: 1.b. | D9: OSHA injuries due to vegetation management - Full-time employee | E9: 0 | F9: 0 | G9: 0 | H9: 0 | I9: 0 | J9: 0 | K9: 0 | L9: 0 | M9: 0 | N9: 0 | O9: 0 | P9: 0 | V9: # OSHA-reportable injuries
C10: 1.c. | D10: OSHA injuries due to utility fuel management - Full-time employee | E10: 0 | F10: 0 | G10: 0 | H10: 0 | I10: 0 | J10: 0 | K10: 0 | L10: 0 | M10: 0 | N10: 0 | O10: 0 | P10: 0 | V10: # OSHA-reportable injuries
C11: 1.d. | D11: OSHA injuries due to grid hardening - Full-time employee | E11: 0 | F11: 0 | G11: 0 | H11: 0 | I11: 0 | J11: 0 | K11: 0 | L11: 0 | M11: 0 | N11: 0 | O11: 0 | P11: 0 | V11: # OSHA-reportable injuries
C12: 1.e. | D12: OSHA injuries due to other - Full-time employee | E12: 0 | F12: 0 | G12: 0 | H12: 0 | I12: 0 | J12: 0 | K12: 0 | L12: 0 | M12: 0 | N12: 0 | O12: 0 | P12: 0 | V12: # OSHA-reportable injuries
B13: 2. OSHA injuries - Contractor | C13: 2.a. | D13: OSHA injuries due to utility inspection - Contractor | E13: 0 | F13: 0 | G13: 0 | H13: 0 | I13: 0 | J13: 0 | K13: 0 | L13: 0 | M13: 0 | N13: 0 | O13: 0 | P13: 0 | V13: # OSHA-reportable injuries
C14: 2.b. | D14: OSHA injuries due to vegetation management - Contractor | E14: 0 | F14: 0 | G14: 0 | H14: 0 | I14: 0 | J14: 0 | K14: 0 | L14: 0 | M14: 0 | N14: 0 | O14: 0 | P14: 0 | V14: # OSHA-reportable injuries
C15: 2.c. | D15: OSHA injuries due to utility fuel management - Contractor | E15: 0 | F15: 0 | G15: 0 | H15: 0 | I15: 0 | J15: 0 | K15: 0 | L15: 0 | M15: 0 | N15: 0 | O15: 0 | P15: 0 | V15: # OSHA-reportable injuries
C16: 2.d. | D16: OSHA injuries due to grid hardening - Contractor | E16: 0 | F16: 0 | G16: 0 | H16: 0 | I16: 0 | J16: 0 | K16: 0 | L16: 0 | M16: 0 | N16: 0 | O16: 0 | P16: 0 | V16: # OSHA-reportable injuries
C17: 2.e. | D17: OSHA injuries due to other - Contractor | E17: 0 | F17: 0 | G17: 0 | H17: 0 | I17: 0 | J17: 0 | K17: 0 | L17: 0 | M17: 0 | N17: 0 | O17: 0 | P17: 0 | V17: # OSHA-reportable injuries
B18: 3. OSHA injuries - Member of public | C18: 3.a. | D18: OSHA injuries due to utility inspection - Public | E18: 0 | F18: 0 | G18: 0 | H18: 0 | I18: 0 | J18: 0 | K18: 0 | L18: 0 | M18: 0 | N18: 0 | O18: 0 | P18: 0 | V18: # OSHA-reportable injuries
C19: 3.b. | D19: OSHA injuries due to vegetation management - Public | E19: 0 | F19: 0 | G19: 0 | H19: 0 | I19: 0 | J19: 0 | K19: 0 | L19: 0 | M19: 0 | N19: 0 | O19: 0 | P19: 0 | V19: # OSHA-reportable injuries
C20: 3.c. | D20: OSHA injuries due to utility fuel management - Public | E20: 0 | F20: 0 | G20: 0 | H20: 0 | I20: 0 | J20: 0 | K20: 0 | L20: 0 | M20: 0 | N20: 0 | O20: 0 | P20: 0 | V20: # OSHA-reportable injuries
C21: 3.d. | D21: OSHA injuries due to grid hardening - Public | E21: 0 | F21: 0 | G21: 0 | H21: 0 | I21: 0 | J21: 0 | K21: 0 | L21: 0 | M21: 0 | N21: 0 | O21: 0 | P21: 0 | V21: # OSHA-reportable injuries
C22: 3.e. | D22: OSHA injuries due to other - Public | E22: 0 | F22: 0 | G22: 0 | H22: 0 | I22: 0 | J22: 0 | K22: 0 | L22: 0 | M22: 0 | N22: 0 | O22: 0 | P22: 0 | V22: # OSHA-reportable injuries
C61: Vegetation Management & Inspections

Sheet Table 6
B2: Utility | C2: =IF('Quarterly Submission Guide'!$D$20 = "", "",'Quarterly Submission Guide'!$D$20) -> Liberty
B3: Table No. | C3: 6
B4: Date Modified | C4: ='Quarterly Submission Guide'!D24 -> 44501
N5: Note: These columns are placeholders for future QR submissions.
B6: Table 6: Weather patterns | J6: 1 | K6: 2 | L6: 3 | M6: 4 | N6: 1 | O6: 2 | P6: 3 | Q6: 4 | R6: 1 | S6: 2 | T6: 3 | U6: 4
B7: Metric type | C7: # | D7: Outcome metric name | E7: 2015 | F7: 2016 | G7: 2017 | H7: 2018 | I7: 2019 | J7: 2020 | K7: 2020 | L7: 2020 | M7: 2020 | N7: 2021 | O7: 2021 | P7: 2021 | Q7: 2021 | R7: 2022 | S7: 2022 | T7: 2022 | U7: 2022 | V7: Unit(s) | W7: Comments
B8: 1. Red Flag Warning Overhead circuit mile Days | C8: 1.a. | D8: Red Flag Warning Overhead circuit mile days - entire utility territory | E8: 271.585 | F8: 94.404 | G8: 193.355 | H8: 3133.77 | I8: 869.136 | J8: 0 | K8: 100.796 | L8: 4679.067 | M8: 2092.98 | N8: 0 | O8: 1162.37 | P8: 4945.561 | V8: Sum of overhead circuit miles of utility grid subject to Red Flag Warning each day within a given time period, calculated as the number of overhead circuit miles that were under an RFW multiplied by the number of days those circuit miles were under said RFW. For example, if 100 overhead circuit miles were under an RFW for 1 day, and 10 of those miles were under RFW for an additional day, then the total RFW OH circuit mile days would be 110.
C9: 1.b. | D9: Red Flag Warning Overhead circuit mile days - HFTD Zone 1 | E9: 0 | F9: 0 | G9: 0 | H9: 0 | I9: 0.59 | J9: 0 | K9: 0 | L9: 3.386 | M9: 1.628 | N9: 0 | O9: 0.83 | P9: 0.062 | V9: Red Flag Warning Overhead circuit mile days, see above for definition
C10: 1.c. | D10: Red Flag Warning Overhead circuit mile days - HFTD Tier 2 | E10: 139.955 | F10: 78.058 | G10: 117.51 | H10: 2592.623 | I10: 727.118 | J10: 0 | K10: 98.678 | L10: 3821.844 | M10: 1737.163 | N10: 0 | O10: 982.6 | P10: 4302.865 | V10: Red Flag Warning Overhead circuit mile days, see above for definition
C11: 1.d. | D11: Red Flag Warning Overhead circuit mile days - HFTD Tier 3 | E11: 0 | F11: 0 | G11: 0 | H11: 306.203 | I11: 77.074 | J11: 0 | K11: 0 | L11: 441.767 | M11: 212.254 | N11: 0 | O11: 107.87 | P11: 519.015 | V11: Red Flag Warning Overhead circuit mile days, see above for definition
C12: 1.e. | D12: Red Flag Warning Overhead circuit mile days - Non-HFTD | E12: 111.863 | F12: 13.895 | G12: 64.498 | H12: 170.614 | I12: 48.2 | J12: 0 | K12: 2.087 | L12: 313.361 | M12: 101.23 | N12: 0 | O12: 71.07 | P12: 123.619 | V12: Red Flag Warning Overhead circuit mile days, see above for definition
B13: 2. Wind conditions | C13: 2.a. | D13: High wind warning overhead circuit mile days | E13: 863.59 | F13: 3507.79 | G13: 179.58 | H13: 125.72 | I13: 107.54 | J13: 11.27 | K13: 0 | L13: 0 | M13: 861.704 | N13: 763.162 | O13: 0 | P13: 0 | V13: Sum of overhead circuit miles of utility grid subject to High Wind Warnings (HWW, as defined by the National Weather Service) each day within a given time period, calculated as the number of overhead circuit miles that were under an HWW multiplied by the number of days those miles were under said HWW. For example, if 100 overhead circuit miles were under an HWW for 1 day, and 10 of those miles were under HWW for an additional day, then the total HWW OH circuit mile days would be 110.
B14: 3. Other | C14: 3.a. | D14: Other relevant weather pattern metrics tracked (add additional rows as needed)
C61: Vegetation Management & Inspections

Sheet Table 7.1
B2: Utility | C2: =IF('Quarterly Submission Guide'!$D$20 = "", "",'Quarterly Submission Guide'!$D$20) -> Liberty | D2: Notes:
B3: Table No. | C3: 7.1 | D3: Transmission lines refer to all lines at or above 65kV, and distribution lines refer to all lines below 65kV.
B4: Date Modified | C4: ='Quarterly Submission Guide'!D24 -> 44501 | D4: Data from 2015 - 2020 Q2 should be actual numbers. 2020 Q3 - 2023 should be projected. In future submissions update projected numbers with actuals
G5: Number of risk events | S5: Projected risk events
B6: Table 7.1: Key recent and projected drivers of risk events | L6: 1 | M6: 2 | N6: 3 | O6: 4 | P6: 1 | Q6: 2 | R6: 3 | S6: 4 | T6: 1 | U6: 2 | V6: 3 | W6: 4
B7: Risk Event category | C7: Cause category | D7: # | E7: Sub-cause category | F7: Are risk events tracked for ignition driver? (yes / no) | G7: 2015 | H7: 2016 | I7: 2017 | J7: 2018 | K7: 2019 | L7: 2020 | M7: 2020 | N7: 2020 | O7: 2020 | P7: 2021 | Q7: 2021 | R7: 2021 | S7: 2021 | T7: 2022 | U7: 2022 | V7: 2022 | W7: 2022 | X7: Unit(s) | Y7: Comments
A8: x | B8: Wire down event - Distribution | C8: 1. Contact from object - Distribution | D8: 1.a. | E8: Veg. contact- Distribution | F8: Yes | H8: 1 | I8: 1 | J8: 1 | L8: 1 | M8: 1 | N8: 2 | O8: 1 | P8: 3 | Q8: 0 | R8: 1 | S8: 1 | T8: 1 | U8: 1 | V8: 1 | X8: # risk events (excluding ignitions)
D9: 1.b. | E9: Animal contact- Distribution | F9: Yes | X9: # risk events (excluding ignitions)
D10: 1.c. | E10: Balloon contact- Distribution | F10: Yes | X10: # risk events (excluding ignitions)
D11: 1.d. | E11: Vehicle contact- Distribution | F11: Yes | N11: 1 | Q11: 1 | R11: 1 | V11: 1 | X11: # risk events (excluding ignitions)
D12: 1.e. | E12: Other contact from object - Distribution | F12: Yes | X12: # risk events (excluding ignitions)
C13: 2. Equipment / facility failure - Distribution | D13: 2.a. | E13: Connector damage or failure- Distribution | F13: Yes | M13: 1 | X13: # risk events (excluding ignitions)
D14: 2.b. | E14: Splice damage or failure — Distribution | F14: Yes | X14: # risk events (excluding ignitions)
D15: 2.c. | E15: Crossarm damage or failure - Distribution | F15: Yes | I15: 1 | X15: # risk events (excluding ignitions)
D16: 2.d. | E16: Insulator damage or failure- Distribution | F16: Yes | X16: # risk events (excluding ignitions)
D17: 2.e. | E17: Lightning arrestor damage or failure- Distribution | F17: Yes | X17: # risk events (excluding ignitions)
D18: 2.f. | E18: Tap damage or failure - Distribution | F18: Yes | X18: # risk events (excluding ignitions)
D19: 2.g. | E19: Tie wire damage or failure - Distribution | F19: Yes | X19: # risk events (excluding ignitions)
D20: 2.h. | E20: Other - Distribution | F20: Yes | H20: 1 | K20: 2 | P20: 2 | U20: 1 | X20: # risk events (excluding ignitions)
C21: 3. Wire-to-wire contact - Distribution | D21: 3.a. | E21: Wire-to-wire contact / contamination- Distribution | F21: Yes | N21: 2 | R21: 1 | V21: 1 | X21: # risk events (excluding ignitions)
C22: 4. Contamination - Distribution | D22: 4.a. | E22: Contamination - Distribution | F22: Yes | X22: # risk events (excluding ignitions)
C23: 5. Utility work / Operation | D23: 5.a. | E23: Utility work / Operation | F23: Yes | X23: # risk events (excluding ignitions)
C24: 6. Vandalism / Theft - Distribution | D24: 6.a. | E24: Vandalism / Theft - Distribution | F24: Yes | X24: # risk events (excluding ignitions)
C25: 7. Other- Distribution | D25: 7.a. | E25: All Other- Distribution | F25: Yes | P25: 1 | X25: # risk events (excluding ignitions)
C26: 8. Unknown- Distribution | D26: 8.a. | E26: Unknown - Distribution | F26: Yes | G26: 9 | H26: 3 | I26: 1 | J26: 5 | T26: 1 | X26: # risk events (excluding ignitions)
A27: x | B27: Wire down event - Transmission | C27: 9. Contact from object - Transmission | D27: 9.a. | E27: Veg. contact- Transmission | X27: # risk events (excluding ignitions)
D28: 9.b. | E28: Animal contact- Transmission | X28: # risk events (excluding ignitions)
D29: 9.c. | E29: Balloon contact- Transmission | X29: # risk events (excluding ignitions)
D30: 9.d. | E30: Vehicle contact- Transmission | X30: # risk events (excluding ignitions)
D31: 9.e. | E31: Other contact from object - Transmission | X31: # risk events (excluding ignitions)
C32: 10. Equipment / facility failure - Transmission | D32: 10.a. | E32: Connector damage or failure- Transmission | X32: # risk events (excluding ignitions)
D33: 10.b. | E33: Splice damage or failure — Transmission | X33: # risk events (excluding ignitions)
D34: 10.c. | E34: Crossarm damage or failure - Transmission | X34: # risk events (excluding ignitions)
D35: 10.d. | E35: Insulator damage or failure- Transmission | X35: # risk events (excluding ignitions)
D36: 10.e. | E36: Lightning arrestor damage or failure- Transmission | X36: # risk events (excluding ignitions)
D37: 10.f. | E37: Tap damage or failure - Transmission | X37: # risk events (excluding ignitions)
D38: 10.g. | E38: Tie wire damage or failure - Transmission | X38: # risk events (excluding ignitions)
D39: 10.h. | E39: Other - Transmission | X39: # risk events (excluding ignitions)
C40: 11. Wire-to-wire contact - Transmission | D40: 11.a. | E40: Wire-to-wire contact / contamination- Transmission | X40: # risk events (excluding ignitions)
C41: 12. Contamination - Transmission | D41: 12.a. | E41: Contamination - Transmission | X41: # risk events (excluding ignitions)
C42: 13. Utility work / Operation | D42: 13.a. | E42: Utility work / Operation | X42: # risk events (excluding ignitions)
C43: 14. Vandalism / Theft - Transmission | D43: 14.a. | E43: Vandalism / Theft - Transmission | X43: # risk events (excluding ignitions)
C44: 15. Other- Transmission | D44: 15.a. | E44: All Other- Transmission | X44: # risk events (excluding ignitions)
C45: 16. Unknown- Transmission | D45: 16.a. | E45: Unknown - Transmission | X45: # risk events (excluding ignitions)
A46: x | B46: Outage - Distribution | C46: 17. Contact from object - Distribution | D46: 17.a. | E46: Veg. contact- Distribution | F46: Yes | G46: 16 | H46: 18 | I46: 14 | J46: 34 | K46: 5 | L46: 7 | M46: 11 | N46: 21 | O46: 5 | P46: 15 | Q46: 9 | R46: 10 | S46: 5 | T46: 5 | U46: 10 | V46: 10 | X46: # risk events (excluding ignitions)
D47: 17.b. | E47: Animal contact- Distribution | F47: Yes | G47: 3 | H47: 11 | I47: 2 | J47: 22 | L47: 1 | M47: 14 | N47: 6 | O47: 1 | P47: 1 | Q47: 2 | R47: 6 | S47: 1 | T47: 2 | U47: 6 | V47: 6 | X47: # risk events (excluding ignitions)
D48: 17.c. | E48: Balloon contact- Distribution | F48: Yes | X48: # risk events (excluding ignitions)
D49: 17.d. | E49: Vehicle contact- Distribution | F49: Yes | H49: 10 | I49: 1 | J49: 6 | K49: 8 | L49: 4 | M49: 2 | N49: 7 | O49: 2 | P49: 5 | Q49: 2 | R49: 2 | S49: 2 | T49: 2 | U49: 2 | V49: 2 | X49: # risk events (excluding ignitions)
D50: 17.e. | E50: Other contact from object - Distribution | F50: Yes | X50: # risk events (excluding ignitions)
C51: 18. Equipment / facility failure - Distribution | D51: 18.a. | E51: Capacitor bank damage or failure- Distribution | F51: Yes | X51: # risk events (excluding ignitions)
D52: 18.b. | E52: Conductor damage or failure — Distribution | F52: Yes | G52: 10 | H52: 5 | I52: 4 | J52: 9 | K52: 3 | L52: 4 | M52: 6 | N52: 16 | O52: 3 | P52: 5 | Q52: 3 | R52: 10 | S52: 3 | T52: 3 | U52: 7 | V52: 7 | X52: # risk events (excluding ignitions)
D53: 18.c. | E53: Fuse damage or failure - Distribution | F53: Yes | G53: 16 | H53: 46 | I53: 50 | J53: 122 | K53: 10 | L53: 9 | M53: 10 | N53: 13 | O53: 15 | P53: 18 | Q53: 3 | R53: 15 | S53: 15 | T53: 15 | U53: 15 | V53: 15 | X53: # risk events (excluding ignitions)
D54: 18.d. | E54: Lightning arrestor damage or failure- Distribution | F54: Yes | H54: 1 | I54: 1 | J54: 4 | L54: 1 | N54: 1 | Q54: 2 | T54: 1 | V54: 1 | X54: # risk events (excluding ignitions)
D55: 18.e. | E55: Switch damage or failure- Distribution | F55: Yes | X55: # risk events (excluding ignitions)
D56: 18.f. | E56: Pole damage or failure - Distribution | F56: Yes | X56: # risk events (excluding ignitions)
D57: 18.g. | E57: Insulator and brushing damage or failure - Distribution | F57: Yes | P57: 2 | X57: # risk events (excluding ignitions)
D58: 18.h. | E58: Crossarm damage or failure - Distribution | F58: Yes | P58: 1 | X58: # risk events (excluding ignitions)
D59: 18.i. | E59: Voltage regulator / booster damage or failure - Distribution | F59: Yes | X59: # risk events (excluding ignitions)
D60: 18.j. | E60: Recloser damage or failure - Distribution | F60: Yes | X60: # risk events (excluding ignitions)
C61: Vegetation Management & Inspections | D61: 18.k. | E61: Anchor / guy damage or failure - Distribution | F61: Yes | X61: # risk events (excluding ignitions)
D62: 18.l. | E62: Sectionalizer damage or failure - Distribution | F62: Yes | X62: # risk events (excluding ignitions)
D63: 18.m. | E63: Connection device damage or failure - Distribution | F63: Yes | R63: 3 | X63: # risk events (excluding ignitions)
D64: 18.n. | E64: Transformer damage or failure - Distribution | F64: Yes | G64: 7 | H64: 13 | I64: 7 | J64: 22 | K64: 2 | L64: 3 | M64: 12 | N64: 15 | O64: 3 | P64: 3 | Q64: 6 | R64: 2 | S64: 3 | T64: 3 | U64: 7 | V64: 7 | X64: # risk events (excluding ignitions)
D65: 18.o. | E65: Other - Distribution | F65: Yes | G65: 59 | H65: 23 | I65: 28 | J65: 42 | K65: 8 | L65: 11 | M65: 12 | N65: 22 | O65: 12 | P65: 17 | Q65: 9 | R65: 17 | S65: 12 | T65: 12 | U65: 12 | V65: 12 | X65: # risk events (excluding ignitions)
C66: 19. Wire-to-wire contact - Distribution | D66: 19.a. | E66: Wire-to-wire contact / contamination- Distribution | F66: Yes | H66: 2 | I66: 1 | J66: 4 | K66: 6 | L66: 2 | N66: 3 | O66: 3 | P66: 1 | R66: 1 | S66: 3 | T66: 3 | V66: 3 | X66: # risk events (excluding ignitions)
C67: 20. Contamination - Distribution | D67: 20.a. | E67: Contamination - Distribution | F67: Yes | X67: # risk events (excluding ignitions)
C68: 21. Utility work / Operation | D68: 21.a. | E68: Utility work / Operation | F68: Yes | X68: # risk events (excluding ignitions)
C69: 22. Vandalism / Theft - Distribution | D69: 22.a. | E69: Vandalism / Theft - Distribution | F69: Yes | P69: 1 | X69: # risk events (excluding ignitions)
C70: 23. Other- Distribution | D70: 23.a. | E70: All Other- Distribution | F70: Yes | K70: 14 | L70: 7 | M70: 8 | N70: 22 | O70: 15 | P70: 14 | Q70: 13 | S70: 15 | T70: 10 | U70: 10 | V70: 15 | X70: # risk events (excluding ignitions)
C71: 24. Unknown- Distribution | D71: 24.a. | E71: Unknown - Distribution | F71: Yes | X71: # risk events (excluding ignitions)
A72: x | B72: Outage - Transmission | C72: 25. Contact from object - Transmission | D72: 25.a. | E72: Veg. contact- Transmission | X72: # risk events (excluding ignitions)
D73: 25.b. | E73: Animal contact- Transmission | X73: # risk events (excluding ignitions)
D74: 25.c. | E74: Balloon contact- Transmission | X74: # risk events (excluding ignitions)
D75: 25.d. | E75: Vehicle contact- Transmission | X75: # risk events (excluding ignitions)
D76: 25.e. | E76: Other contact from object - Transmission | X76: # risk events (excluding ignitions)
C77: 26. Equipment / facility failure - Transmission | D77: 26.a. | E77: Capacitor bank damage or failure- Transmission | X77: # risk events (excluding ignitions)
D78: 26.b. | E78: Conductor damage or failure — Transmission | X78: # risk events (excluding ignitions)
D79: 26.c. | E79: Fuse damage or failure - Transmission | X79: # risk events (excluding ignitions)
D80: 26.d. | E80: Lightning arrestor damage or failure- Transmission | X80: # risk events (excluding ignitions)
D81: 26.e. | E81: Switch damage or failure- Transmission | X81: # risk events (excluding ignitions)
D82: 26.f. | E82: Pole damage or failure - Transmission | X82: # risk events (excluding ignitions)
D83: 26.g. | E83: Insulator and brushing damage or failure - Transmission | X83: # risk events (excluding ignitions)
D84: 26.h. | E84: Crossarm damage or failure - Transmission | X84: # risk events (excluding ignitions)
D85: 26.i. | E85: Voltage regulator / booster damage or failure - Transmission | X85: # risk events (excluding ignitions)
D86: 26.j. | E86: Recloser damage or failure - Transmission | X86: # risk events (excluding ignitions)
D87: 26.k. | E87: Anchor / guy damage or failure - Transmission | X87: # risk events (excluding ignitions)
D88: 26.l. | E88: Sectionalizer damage or failure - Transmission | X88: # risk events (excluding ignitions)
D89: 26.m. | E89: Connection device damage or failure - Transmission | X89: # risk events (excluding ignitions)
... D91: 26.o. | E91: Other - Transmission | X91: # risk events (excluding ignitions)
C92: 27. Wire-to-wire contact - Transmission | D92: 27.a. | E92: Wire-to-wire contact / contamination- Transmission | X92: # risk events (excluding ignitions)
C93: 28. Contamination - Transmission | D93: 28.a. | E93: Contamination - Transmission | X93: # risk events (excluding ignitions)
C94: 29. Utility work / Operation | D94: 29.a. | E94: Utility work / Operation | X94: # risk events (excluding ignitions)
C95: 30. Vandalism / Theft - Transmission | D95: 30.a. | E95: Vandalism / Theft - Transmission | X95: # risk events (excluding ignitions)
C96: 31. Other- Transmission | D96: 31.a. | E96: All Other- Transmission | X96: # risk events (excluding ignitions)
C97: 32. Unknown- Transmission | D97: 32.a. | E97: Unknown - Transmission | X97: # risk events (excluding ignitions)
A98: x | B98: Ignition - Distribution | C98: 33. Contact from object - Distribution | D98: 33.a. | E98: Veg. contact- Distribution | F98: Yes | J98: 1 | M98: 1 | N98: 2 | P98: 3 | R98: 1 | V98: 1 | X98: # ignitions
D99: 33.b. | E99: Animal contact- Distribution | F99: Yes | X99: # ignitions
D100: 33.c. | E100: Balloon contact- Distribution | F100: Yes | X100: # ignitions
D101: 33.d. | E101: Vehicle contact- Distribution | F101: Yes | H101: 1 | N101: 1 | R101: 1 | V101: 1 | X101: # ignitions
D102: 33.e. | E102: Other contact from object - Distribution | F102: Yes | X102: # ignitions
...

Sheet Table 7.2
B2: Utility | C2: =IF('Quarterly Submission Guide'!$D$20 = "", "",'Quarterly Submission Guide'!$D$20) -> Liberty | D2: Notes:
B3: Table No. | C3: 7.2 | D3: Transmission lines refer to all lines at or above 65kV, and distribution lines refer to all lines below 65kV.
B4: Date Modified | C4: ='Quarterly Submission Guide'!D24 -> 44501 | D4: Data from 2015 - 2019 should be actual numbers. 2020 - 2023 should be projected. In future submissions update projected numbers with actuals
G5: Number of ignitions by HFTD tier | AI5: Projected ignitions by HFTD tier
B6: Table 7.2: Key recent and projected drivers of ignitions by HFTD region | G6: Non-HFTD | H6: HFTD Zone 1 | I6: HFTD Tier 2 | J6: HFTD Tier 3 | K6: Non-HFTD | L6: HFTD Zone 1 | M6: HFTD Tier 2 | N6: HFTD Tier 3 | O6: Non-HFTD | P6: HFTD Zone 1 | Q6: HFTD Tier 2 | R6: HFTD Tier 3 | S6: Non-HFTD | T6: HFTD Zone 1 | U6: HFTD Tier 2 | V6: HFTD Tier 3 | W6: Non-HFTD | X6: HFTD Zone 1 | Y6: HFTD Tier 2 | Z6: HFTD Tier 3 | AA6: Non-HFTD | AB6: HFTD Zone 1 | AC6: HFTD Tier 2 | AD6: HFTD Tier 3 | AE6: Non-HFTD | AF6: HFTD Zone 1 | AG6: HFTD Tier 2 | AH6: HFTD Tier 3 | AI6: Non-HFTD | AJ6: HFTD Zone 1 | AK6: HFTD Tier 2 | AL6: HFTD Tier 3
C7: Metric type | D7: # | E7: Ignition driver | F7: Are ignitions tracked for ignition driver? (yes / no) | G7: 2015 | H7: 2015 | I7: 2015 | J7: 2015 | K7: 2016 | L7: 2016 | M7: 2016 | N7: 2016 | O7: 2017 | P7: 2017 | Q7: 2017 | R7: 2017 | S7: 2018 | T7: 2018 | U7: 2018 | V7: 2018 | W7: 2019 | X7: 2019 | Y7: 2019 | Z7: 2019 | AA7: 2020 | AB7: 2020 | AC7: 2020 | AD7: 2020 | AE7: 2021 | AF7: 2021 | AG7: 2021 | AH7: 2021 | AI7: 2022 | AJ7: 2022 | AK7: 2022 | AL7: 2022 | AM7: Unit(s) | AN7: Comments
A8: x | B8: Ignition - Distribution | C8: 1. Contact from object - Distribution | D8: 1.a. | E8: Veg. contact- Distribution | F8: Yes | Y8: 1 | AC8: 3 | AK8: 1 | AM8: # ignitions
D9: 1.b. | E9: Animal contact- Distribution | F9: Yes | AM9: # ignitions
D10: 1.c. | E10: Balloon contact- Distribution | F10: Yes | AM10: # ignitions
D11: 1.d. | E11: Vehicle contact- Distribution | F11: Yes | AM11: # ignitions
D12: 1.e. | E12: Other contact from object - Distribution | F12: Yes | AM12: # ignitions
C13: 2. Equipment / facility failure - Distribution | D13: 2.a. | E13: Capacitor bank damage or failure- Distribution | F13: Yes | AM13: # ignitions
D14: 2.b. | E14: Conductor damage or failure — Distribution | F14: Yes | AC14: 1 | AM14: # ignitions
D15: 2.c. | E15: Fuse damage or failure - Distribution | F15: Yes | U15: 1 | Y15: 2 | AC15: 2 | AK15: 1 | AM15: # ignitions
D16: 2.d. | E16: Lightning arrestor damage or failure- Distribution | F16: Yes | AM16: # ignitions
D17: 2.e. | E17: Switch damage or failure- Distribution | F17: Yes | AM17: # ignitions
D18: 2.f. | E18: Pole damage or failure - Distribution | F18: Yes | AM18: # ignitions
D19: 2.g. | E19: Insulator and brushing damage or failure - Distribution | F19: Yes | AM19: # ignitions
D20: 2.h. | E20: Crossarm damage or failure - Distribution | F20: Yes | AM20: # ignitions
D21: 2.i. | E21: Voltage regulator / booster damage or failure - Distribution | F21: Yes | AM21: # ignitions
D22: 2.j. | E22: Recloser damage or failure - Distribution | F22: Yes | AM22: # ignitions
D23: 2.k. | E23: Anchor / guy damage or failure - Distribution | F23: Yes | AM23: # ignitions
D24: 2.l. | E24: Sectionalizer damage or failure - Distribution | F24: Yes | AM24: # ignitions
D25: 2.m. | E25: Connection device damage or failure - Distribution | F25: Yes | AM25: # ignitions
D26: 2.n. | E26: Transformer damage or failure - Distribution | F26: Yes | U26: 2 | AC26: 2 | AM26: # ignitions
D27: 2.o. | E27: Other - Distribution | F27: Yes | U27: 2 | Y27: 6 | AC27: 5 | AK27: 3 | AM27: # ignitions
C28: 3. Wire-to-wire contact - Distribution | D28: 3.a. | E28: Wire-to-wire contact / contamination- Distribution | F28: Yes | AM28: # ignitions
C29: 4. Contamination - Distribution | D29: 4.a. | E29: Contamination - Distribution | F29: Yes | AM29: # ignitions
C30: 5. Utility work / Operation | D30: 5.a. | E30: Utility work / Operation | F30: Yes | AM30: # ignitions
C31: 6. Vandalism / Theft - Distribution | D31: 6.a. | E31: Vandalism / Theft - Distribution | F31: Yes | AM31: # ignitions
C32: 7. Other- Distribution | D32: 7.a. | E32: All Other- Distribution | F32: Yes | AM32: # ignitions
C33: 8. Unknown- Distribution | D33: 8.a. | E33: Unknown - Distribution | F33: Yes | AM33: # ignitions
A34: x | B34: Ignition - Transmission | C34: 9. Contact from object - Transmission | D34: 9.a. | E34: Veg. contact- Transmission | AM34: # ignitions
D35: 9.b. | E35: Animal contact- Transmission | AM35: # ignitions
D36: 9.c. | E36: Balloon contact- Transmission | AM36: # ignitions
D37: 9.d. | E37: Vehicle contact- Transmission | AM37: # ignitions
D38: 9.e. | E38: Other contact from object - Transmission | AM38: # ignitions
C39: 10. Equipment / facility failure - Transmission | D39: 10.a. | E39: Capacitor bank damage or failure- Transmission | AM39: # ignitions
D40: 10.b. | E40: Conductor damage or failure — Transmission | AM40: # ignitions
D41: 10.c. | E41: Fuse damage or failure - Transmission | AM41: # ignitions
D42: 10.d. | E42: Lightning arrestor damage or failure- Transmission | AM42: # ignitions
D43: 10.e. | E43: Switch damage or failure- Transmission | AM43: # ignitions
D44: 10.f. | E44: Pole damage or failure - Transmission | AM44: # ignitions
D45: 10.g. | E45: Insulator and brushing damage or failure - Transmission | AM45: # ignitions
D46: 10.h. | E46: Crossarm damage or failure - Transmission | AM46: # ignitions
D47: 10.i. | E47: Voltage regulator / booster damage or failure - Transmission | AM47: # ignitions
D48: 10.j. | E48: Recloser damage or failure - Transmission | AM48: # ignitions
D49: 10.k. | E49: Anchor / guy damage or failure - Transmission | AM49: # ignitions
D50: 10.l. | E50: Sectionalizer damage or failure - Transmission | AM50: # ignitions
D51: 10.m. | E51: Connection device damage or failure - Transmission | AM51: # ignitions
... D53: 10.o. | E53: Other - Transmission | AM53: # ignitions
C54: 11. Wire-to-wire contact - Transmission | D54: 11.a. | E54: Wire-to-wire contact / contamination- Transmission | AM54: # ignitions
C55: 12. Contamination - Transmission | D55: 12.a. | E55: Contamination - Transmission | AM55: # ignitions
C56: 13. Utility work / Operation | D56: 13.a. | E56: Utility work / Operation | AM56: # ignitions
C57: 14. Vandalism / Theft - Transmission | D57: 14.a. | E57: Vandalism / Theft - Transmission | AM57: # ignitions
C58: 15. Other- Transmission | D58: 15.a. | E58: All Other- Transmission | AM58: # ignitions
C59: 16. Unknown- Transmission | D59: 16.a. | E59: Unknown - Transmission | AM59: # ignitions
C61: Vegetation Management & Inspections

Sheet Table 8
B2: Utility | C2: =IF('Quarterly Submission Guide'!$D$20 = "", "",'Quarterly Submission Guide'!$D$20) -> Liberty
B3: Table No. | C3: 8
B4: Date Modified | C4: ='Quarterly Submission Guide'!D24 -> 44501
AC5: Note: These columns are placeholders for future QR submissions.
B6: Table 8: State of service territory and utility equipment | E6: Non-HFTD | F6: HFTD Zone 1 | G6: HFTD Tier 2 | H6: HFTD Tier 3 | I6: Non-HFTD | J6: HFTD Zone 1 | K6: HFTD Tier 2 | L6: HFTD Tier 3 | M6: Non-HFTD | N6: HFTD Zone 1 | O6: HFTD Tier 2 | P6: HFTD Tier 3 | Q6: Non-HFTD | R6: HFTD Zone 1 | S6: HFTD Tier 2 | T6: HFTD Tier 3 | U6: Non-HFTD | V6: HFTD Zone 1 | W6: HFTD Tier 2 | X6: HFTD Tier 3 | Y6: Non-HFTD | Z6: HFTD Zone 1 | AA6: HFTD Tier 2 | AB6: HFTD Tier 3 | AC6: Non-HFTD | AD6: HFTD Zone 1 | AE6: HFTD Tier 2 | AF6: HFTD Tier 3 | AG6: Non-HFTD | AH6: HFTD Zone 1 | AI6: HFTD Tier 2 | AJ6: HFTD Tier 3
B7: Metric type | C7: # | D7: Outcome metric name | E7: 2015 | F7: 2015 | G7: 2015 | H7: 2015 | I7: 2016 | J7: 2016 | K7: 2016 | L7: 2016 | M7: 2017 | N7: 2017 | O7: 2017 | P7: 2017 | Q7: 2018 | R7: 2018 | S7: 2018 | T7: 2018 | U7: 2019 | V7: 2019 | W7: 2019 | X7: 2019 | Y7: 2020 | Z7: 2020 | AA7: 2020 | AB7: 2020 | AC7: 2021 | AD7: 2021 | AE7: 2021 | AF7: 2021 | AG7: 2022 | AH7: 2022 | AI7: 2022 | AJ7: 2022 | AK7: Unit(s) | AL7: Comments
A8: x | B8: 1. State of service territory and equipment in urban areas | C8: 1.a. | D8: Circuit miles (including WUI and non-WUI) | Y8: 29.559609 | AA8: 429.10247 | AB8: 0.025762 | AC8: 29.272421 | AE8: 428.31806 | AF8: 0.025757 | AK8: Circuit miles
C9: 1.b. | D9: Circuit miles in WUI | Y9: 27.134978 | AA9: 400.50219 | AB9: 0.025762 | AC9: 26.875999 | AE9: 399.71343 | AF9: 0.025762 | AK9: Circuit miles in WUI
C10: 1.c. | D10: Number of critical facilities (including WUI and non-WUI) | AA10: 138 | AB10: 3 | AE10: 21 | AK10: Number of critical facilities | AL10: Liberty updated its methodology for identifying critical facilities; new methodology is now based on ESRI data
C11: 1.d. | D11: Number of critical facilities in WUI | AA11: 79 | AB11: 3 | AE11: 17 | AK11: Number of critical facilities in WUI | AL11: Liberty updated its methodology for identifying critical facilities; new methodology is now based on ESRI data
C12: 1.e. | D12: Number of customers (including WUI and non-WUI) | Y12: 1214 | AA12: 16521 | AB12: 1 | AC12: 1214 | AE12: 16521 | AF12: 1 | AK12: Number of customers
C13: 1.f. | D13: Number of customers in WUI | Y13: 1191 | AA13: 16194 | AB13: 1 | AC13: 1191 | AE13: 16194 | AF13: 1 | AK13: Number of customers in WUI
C14: 1.g. | D14: Number of customers belonging to access and functional needs populations (including WUI and non-WUI) | Y14: 5 | AA14: 124 | AC14: 5 | AE14: 125 | AK14: Number of customers belonging to access and functional needs populations
C15: 1.h. | D15: Number of customers belonging to access and functional needs populations in WUI | Y15: 4 | AA15: 123 | AC15: 5 | AE15: 124 | AK15: Number of customers belonging to access and functional needs populations in WUI
C16: 1.i. | D16: Circuit miles of overhead transmission lines (including WUI and non-WUI) | Y16: 0.615654 | AA16: 0.925111 | AC16: 0.615654 | AE16: 0.925111 | AK16: Circuit miles of overhead transmission lines
C17: 1.j. | D17: Circuit miles of overhead transmission lines in WUI | Y17: 0.494737 | AA17: 0.841776 | AC17: 0.494737 | AE17: 0.841776 | AK17: Circuit miles of overhead transmission lines in WUI
C18: 1.k. | D18: Circuit miles of overhead distribution lines (including WUI and non-WUI) | Y18: 6.473681 | AA18: 323.62815 | AB18: 0.025762 | AC18: 6.473681 | AE18: 323.22208 | AF18: 0.025757 | AK18: Circuit miles of overhead distribution lines
C19: 1.l. | D19: Circuit miles of overhead distribution lines in WUI | Y19: 5.322374 | AA19: 305.93205 | AB19: 0.025762 | AC19: 5.322374 | AE19: 305.52598 | AF19: 0.025762 | AK19: Circuit miles of overhead distribution lines in WUI
C20: 1.m. | D20: Number of substations (including WUI and non-WUI) | AA20: 3 | AE20: 3 | AK20: Number of substations
C21: 1.n | D21: Number of substations in WUI | AA21: 2 | AE21: 2 | AK21: Number of substations in WUI
C22: 1.o. | D22: Number of weather stations (including WUI and non-WUI) | AA22: 1 | AE22: 1 | AK22: Number of weather stations
C23: 1.p. | D23: Number of weather stations in WUI | AK23: Number of weather stations in WUI
A24: x | B24: 2. State of service territory and equipment in rural areas | C24: 2.a. | D24: Circuit miles (including WUI and non-WUI) | Y24: 23.60683 | AA24: 1134.8534 | AB24: 135.67385 | AC24: 23.559601 | AE24: 1126.9433 | AF24: 135.51628 | AK24: Circuit miles
C25: 2.b. | D25: Circuit miles in WUI | Y25: 15.75039 | AA25: 873.881 | AB25: 116.27463 | AC25: 15.706307 | AE25: 869.60256 | AF25: 116.11706 | AK25: Circuit miles in WUI
C26: 2.c. | D26: Number of critical facilities (including WUI and non-WUI) | AA26: 138 | AB26: 1 | AC26: 3 | AE26: 38 | AF26: 3 | AK26: Number of critical facilities | AL26: Liberty updated its methodology for identifying critical facilities; new methodology is now based on ESRI data
C27: 2.d. | D27: Number of critical facilities in WUI | AA27: 49 | AB27: 1 | AC27: 1 | AE27: 29 | AF27: 3 | AK27: Number of critical facilities in WUI | AL27: Liberty updated its methodology for identifying critical facilities; new methodology is now based on ESRI data
C28: 2.e. | D28: Number of customers (including WUI and non-WUI) | Y28: 574 | AA28: 23260 | AB28: 2961 | AC28: 574 | AE28: 23260 | AF28: 2961 | AK28: Number of customers
C29: 2.f. | D29: Number of customers in WUI | Y29: 447 | AA29: 21705 | AB29: 2816 | AC29: 447 | AE29: 21705 | AF29: 2816 | AK29: Number of customers in WUI
C30: 2.g. | D30: Number of customers belonging to access and functional needs populations (including WUI and non-WUI) | Y30: 3 | AA30: 34 | AB30: 24 | AC30: 4 | AE30: 38 | AF30: 23 | AK30: Number of customers belonging to access and functional needs populations
C31: 2.h. | D31: Number of customers belonging to access and functional needs populations in WUI | Y31: 3 | AA31: 32 | AB31: 20 | AC31: 4 | AE31: 35 | AF31: 21 | AK31: Number of customers belonging to access and functional needs populations in WUI
C32: 2.i. | D32: Circuit miles of overhead transmission lines (including WUI and non-WUI) | Y32: 0.292338 | AA32: 14.947906 | AB32: 2.354766 | AC32: 0.292338 | AE32: 14.947906 | AF32: 2.354766 | AK32: Circuit miles of overhead transmission lines
C33: 2.j. | D33: Circuit miles of overhead transmission lines in WUI | Y33: 0.186249 | AA33: 2.982314 | AB33: 0.033126 | AC33: 0.186249 | AE33: 2.982314 | AF33: 0.033126 | AK33: Circuit miles of overhead transmission lines in WUI
C34: 2.k. | D34: Circuit miles of overhead distribution lines (including WUI and non-WUI) | Y34: 18.809435 | AA34: 756.52635 | AB34: 123.22161 | AC34: 18.78575 | AE34: 750.64758 | AF34: 123.06405 | AK34: Circuit miles of overhead distribution lines
C35: 2.l. | D35: Circuit miles of overhead distribution lines in WUI | Y35: 13.008702 | AA35: 582.89851 | AB35: 107.60706 | AC35: 12.988163 | AE35: 580.59588 | AF35: 107.44949 | AK35: Circuit miles of overhead distribution lines in WUI
C36: 2.m. | D36: Number of substations (including WUI and non-WUI) | AA36: 7 | AB36: 1 | AE36: 7 | AF36: 1 | AK36: Number of substations
C37: 2.n | D37: Number of substations in WUI | AA37: 3 | AE37: 3 | AK37: Number of substations in WUI
C38: 2.o. | D38: Number of weather stations (including WUI and non-WUI) | AA38: 15 | AB38: 1 | AE38: 15 | AF38: 1 | AK38: Number of weather stations
C39: 2.p. | D39: Number of weather stations in WUI | AK39: Number of weather stations in WUI
A40: x | B40: 3. State of service territory and equipment in highly rural areas | C40: 3.a. | D40: Circuit miles (including WUI and non-WUI) | Y40: 79.448879 | AA40: 227.75786 | AC40: 78.35105 | AE40: 226.52271 | AK40: Circuit miles
C41: 3.b. | D41: Circuit miles in WUI | Y41: 61.498245 | AA41: 145.98253 | AC41: 60.998904 | AE41: 145.66751 | AK41: Circuit miles in WUI
C42: 3.c. | D42: Number of critical facilities (including WUI and non-WUI) | AA42: 138 | AC42: 15 | AE42: 21 | AK42: Number of critical facilities | AL42: Liberty updated its methodology for identifying critical facilities; new methodology is now based on ESRI data
C43: 3.d. | D43: Number of critical facilities in WUI | AA43: 6 | AC43: 12 | AE43: 11 | AK43: Number of critical facilities in WUI | AL43: Liberty updated its methodology for identifying critical facilities; new methodology is now based on ESRI data
C44: 3.e. | D44: Number of customers (including WUI and non-WUI) | Y44: 1921 | AA44: 2468 | AC44: 1921 | AE44: 2468 | AK44: Number of customers
C45: 3.f. | D45: Number of customers in WUI | Y45: 1764 | AA45: 2113 | AC45: 1764 | AE45: 2113 | AK45: Number of customers in WUI
C46: 3.g. | D46: Number of customers belonging to access and functional needs populations (including WUI and non-WUI) | Y46: 38 | AA46: 30 | AC46: 42 | AE46: 23 | AK46: Number of customers belonging to access and functional needs populations
C47: 3.h. | D47: Number of customers belonging to access and functional needs populations in WUI | Y47: 37 | AA47: 30 | AC47: 40 | AE47: 23 | AK47: Number of customers belonging to access and functional needs populations in WUI
C48: 3.i. | D48: Circuit miles of overhead transmission lines (including WUI and non-WUI) | AA48: 0.235629 | AE48: 0.235629 | AK48: Circuit miles of overhead transmission lines
C49: 3.j. | D49: Circuit miles of overhead transmission lines in WUI | AK49: Circuit miles of overhead transmission lines in WUI
C50: 3.k. | D50: Circuit miles of overhead distribution lines (including WUI and non-WUI) | Y50: 69.703643 | AA50: 184.27543 | AC50: 68.461872 | AE50: 184.15328 | AK50: Circuit miles of overhead distribution lines
C51: 3.l. | D51: Circuit miles of overhead distribution lines in WUI | Y51: 53.540543 | AA51: 112.48858 | AC51: 52.401782 | AE51: 112.39043 | AK51: Circuit miles of overhead distribution lines in WUI
C52: 3.m. | D52: Number of substations (including WUI and non-WUI) | Y52: 1 | AA52: 2 | AC52: 1 | AE52: 2 | AK52: Number of substations
C53: 3.n | D53: Number of substations in WUI | Y53: 1 | AA53: 1 | AC53: 1 | AE53: 1 | AK53: Number of substations in WUI
C54: 3.o. | D54: Number of weather stations (including WUI and non-WUI) | Y54: 3 | AA54: 9 | AC54: 3 | AE54: 9 | AK54: Number of weather stations
C55: 3.p. | D55: Number of weather stations in WUI | AA55: 5 | AE55: 5 | AK55: Number of weather stations in WUI
C61: Vegetation Management & Inspections

Sheet Table 9
B2: Utility | C2: =IF('Quarterly Submission Guide'!$D$20 = "", "",'Quarterly Submission Guide'!$D$20) -> Liberty | D2: Notes:
B3: Table No. | C3: 9 | D3: Transmission lines refer to all lines at or above 65kV, and distribution lines refer to all lines below 65kV. Report net additions using positive numbers and net removals and undergrounding using negative numbers for circuit miles and numbers of substations. Only report changes expected within the target year.
B4: Date Modified | C4: ='Quarterly Submission Guide'!D24 -> 44501 | D4: For example, if 20 net overhead circuit miles are planned for addition by 2023, with 15 being added by 2022 and 5 more added by 2023, then report “15” for 2022 and “5” for 2023. Do not report cumulative change across years. In this case, do not report “20” for 2023, but instead the number planned to be added for just that year, which is “5”.
E5: Actual | I5: Projected
B6: Table 9: Location of actual and planned utility equipment additions or removal year over year | E6: Non-HFTD | F6: HFTD Zone 1 | G6: HFTD Tier 2 | H6: HFTD Tier 3 | I6: Non-HFTD | J6: HFTD Zone 1 | K6: HFTD Tier 2 | L6: HFTD Tier 3 | M6: Non-HFTD | N6: HFTD Zone 1 | O6: HFTD Tier 2 | P6: HFTD Tier 3
B7: Metric type | C7: # | D7: Outcome metric name | E7: 2020 | F7: 2020 | G7: 2020 | H7: 2020 | I7: 2021 | J7: 2021 | K7: 2021 | L7: 2021 | M7: 2022 | N7: 2022 | O7: 2022 | P7: 2022 | Q7: Unit(s) | R7: Comments
A8: x | B8: 1. Planned utility equipment net addition (or removal) year over year - in urban areas | C8: 1.a. | D8: Circuit miles of overhead transmission lines (including WUI and non-WUI) | Q8: Circuit miles
C9: 1.b. | D9: Circuit miles of overhead distribution lines (including WUI and non-WUI) | Q9: Circuit miles
C10: 1.c. | D10: Circuit miles of overhead transmission lines in WUI | Q10: Circuit miles in WUI
C11: 1.d. | D11: Circuit miles of overhead distribution lines in WUI | Q11: Circuit miles in WUI
C12: 1.e. | D12: Number of substations (including WUI and non-WUI) | E12: 0 | F12: 0 | G12: 0 | H12: 0 | I12: 0 | J12: 0 | K12: -1 | L12: 0 | M12: 0 | N12: 0 | O12: 0 | P12: 0 | Q12: Number of substations
C13: 1.f. | D13: Number of substations in WUI | E13: 0 | F13: 0 | G13: 0 | H13: 0 | I13: 0 | J13: 0 | K13: -1 | L13: 0 | M13: 0 | N13: 0 | O13: 0 | P13: 0 | Q13: Number of substations in WUI
C14: 1.g. | D14: Number of weather stations (including WUI and non-WUI) | E14: 0 | F14: 0 | G14: 1 | H14: 0 | Q14: Number of weather stations | R14: TBD
C15: 1.h. | D15: Number of weather stations in WUI | E15: 0 | F15: 0 | G15: 1 | H15: 0 | Q15: Number of weather stations in WUI | R15: TBD
A16: x | B16: 2. Planned utility equipment net addition (or removal) year over year - in rural areas | C16: 2.a. | D16: Circuit miles of overhead transmission lines (including WUI and non-WUI) | Q16: Circuit miles
C17: 2.b. | D17: Circuit miles of overhead distribution lines (including WUI and non-WUI) | Q17: Circuit miles
C18: 2.c. | D18: Circuit miles of overhead transmission lines in WUI | Q18: Circuit miles in WUI
C19: 2.d. | D19: Circuit miles of overhead distribution lines in WUI | Q19: Circuit miles in WUI
C20: 2.e. | D20: Number of substations (including WUI and non-WUI) | E20: 0 | F20: 0 | G20: 0 | H20: 0 | I20: 0 | J20: 0 | K20: 0 | L20: 0 | M20: 0 | N20: 0 | O20: 0 | P20: 0 | Q20: Number of substations
C21: 2.f. | D21: Number of substations in WUI | E21: 0 | F21: 0 | G21: 0 | H21: 0 | I21: 0 | J21: 0 | K21: 0 | L21: 0 | M21: 0 | N21: 0 | O21: 0 | P21: 0 | Q21: Number of substations in WUI
C22: 2.g. | D22: Number of weather stations (including WUI and non-WUI) | E22: 0 | F22: 0 | G22: 8 | H22: 0 | Q22: Number of weather stations | R22: TBD
C23: 2.h. | D23: Number of weather stations in WUI | E23: 0 | F23: 0 | G23: 8 | H23: 0 | Q23: Number of weather stations in WUI | R23: TBD
A24: x | B24: 3. Planned utility equipment net addition (or removal) year over year - in highly rural areas | C24: 3.a. | D24: Circuit miles of overhead transmission lines (including WUI and non-WUI) | Q24: Circuit miles
C25: 3.b. | D25: Circuit miles of overhead distribution lines (including WUI and non-WUI) | Q25: Circuit miles
C26: 3.c. | D26: Circuit miles of overhead transmission lines in WUI | Q26: Circuit miles in WUI
C27: 3.d. | D27: Circuit miles of overhead distribution lines in WUI | Q27: Circuit miles in WUI
C28: 3.e. | D28: Number of substations (including WUI and non-WUI) | E28: 0 | F28: 0 | G28: 0 | H28: 0 | I28: 0 | J28: 0 | K28: 0 | L28: 0 | M28: 0 | N28: 0 | O28: 0 | P28: 0 | Q28: Number of substations
C29: 3.f. | D29: Number of substations in WUI | E29: 0 | F29: 0 | G29: 0 | H29: 0 | I29: 0 | J29: 0 | K29: 0 | L29: 0 | M29: 0 | N29: 0 | O29: 0 | P29: 0 | Q29: Number of substations in WUI
C30: 3.g. | D30: Number of weather stations (including WUI and non-WUI) | E30: 2 | F30: 0 | G30: 8 | H30: 0 | Q30: Number of weather stations | R30: TBD
C31: 3.h. | D31: Number of weather stations in WUI | E31: 0 | F31: 0 | G31: 0 | H31: 0 | Q31: Number of weather stations in WUI | R31: TBD
C61: Vegetation Management & Inspections

Sheet Table 10
B2: Utility | C2: =IF('Quarterly Submission Guide'!$D$20 = "", "",'Quarterly Submission Guide'!$D$20) -> Liberty | D2: Notes:
B3: Table No. | C3: 10 | D3: Transmission lines refer to all lines at or above 65kV, and distribution lines refer to all lines below 65kV.
B4: Date Modified | C4: ='Quarterly Submission Guide'!D24 -> 44501 | D4: In future submissions update planned upgrade numbers with actuals
D5: In the comments column on the far-right, enter the relevant program target(s) associated | E5: Actual | I5: Projected
B6: Table 10: Location of actual and planned utility infrastructure upgrades year over year | E6: Non-HFTD | F6: HFTD Zone 1 | G6: HFTD Tier 2 | H6: HFTD Tier 3 | I6: Non-HFTD | J6: HFTD Zone 1 | K6: HFTD Tier 2 | L6: HFTD Tier 3 | M6: Non-HFTD | N6: HFTD Zone 1 | O6: HFTD Tier 2 | P6: HFTD Tier 3
B7: Metric type | C7: # | D7: Outcome metric name | E7: 2020 | F7: 2020 | G7: 2020 | H7: 2020 | I7: 2021 | J7: 2021 | K7: 2021 | L7: 2021 | M7: 2022 | N7: 2022 | O7: 2022 | P7: 2022 | Q7: Unit(s) | R7: Comments
A8: x | B8: 1. Planned utility infrastructure upgrades year over year - in urban areas | C8: 1.a. | D8: Circuit miles of overhead transmission lines planned for upgrades (including WUI and non-WUI) | I8: 0 | J8: 0 | K8: 0 | L8: 0 | M8: 0 | N8: 0 | O8: 0 | P8: 0 | Q8: Circuit miles
C9: 1.b. | D9: Circuit miles of overhead distribution lines planned for upgrades (including WUI and non-WUI) | I9: 0 | J9: 0 | K9: 0.893162 | L9: 0 | M9: 0 | N9: 0 | O9: 0.585024 | P9: 0 | Q9: Circuit miles
C10: 1.c. | D10: Circuit miles of overhead transmission lines planned for upgrades in WUI | I10: 0 | J10: 0 | K10: 0 | L10: 0 | M10: 0 | N10: 0 | O10: 0 | P10: 0 | Q10: Circuit miles in WUI
C11: 1.d. | D11: Circuit miles of overhead distribution lines planned for upgrades in WUI | I11: 0 | J11: 0 | K11: 0.893162 | L11: 0 | M11: 0 | N11: 0 | O11: 0.585024 | P11: 0 | Q11: Circuit miles in WUI
C12: 1.e. | D12: Number of substations planned for upgrades (including WUI and non-WUI) | E12: 0 | F12: 0 | G12: 1 | H12: 0 | I12: 0 | J12: 0 | K12: 1 | L12: 0 | M12: 0 | N12: 0 | O12: 0 | P12: 0 | Q12: Number of substations
C13: 1.f. | D13: Number of substations planned for upgrades in WUI | E13: 0 | F13: 0 | G13: 1 | H13: 0 | I13: 0 | J13: 0 | K13: 1 | L13: 0 | M13: 0 | N13: 0 | O13: 0 | P13: 0 | Q13: Number of substations in WUI
C14: 1.g. | D14: Number of weather stations planned for upgrades (including WUI and non-WUI) | E14: 0 | F14: 0 | G14: 1 | H14: 0 | I14: 0 | J14: 0 | K14: 1 | L14: 0 | M14: 0 | N14: 0 | O14: 0 | P14: 0 | Q14: Number of weather stations
C15: 1.h. | D15: Number of weather stations planned for upgrades in WUI | E15: 0 | F15: 0 | G15: 1 | H15: 0 | I15: 0 | J15: 0 | K15: 1 | L15: 0 | M15: 0 | N15: 0 | O15: 0 | P15: 0 | Q15: Number of weather stations in WUI
A16: x | B16: 2. Planned utility infrastructure upgrades year over year - in rural areas | C16: 2.a. | D16: Circuit miles of overhead transmission lines planned for upgrades (including WUI and non-WUI) | I16: 0 | J16: 0 | K16: 0 | L16: 0 | M16: 0 | N16: 0 | O16: 0.009297 | P16: 3.310733 | Q16: Circuit miles
C17: 2.b. | D17: Circuit miles of overhead distribution lines planned for upgrades (including WUI and non-WUI) | I17: 0 | J17: 0 | K17: 9.946695 | L17: 0 | M17: 0 | N17: 0 | O17: 17.868234 | P17: 6.514635 | Q17: Circuit miles
C18: 2.c. | D18: Circuit miles of overhead transmission lines planned for upgrades in WUI | I18: 0 | J18: 0 | K18: 0 | L18: 0 | M18: 0 | N18: 0 | O18: 0 | P18: 0.167006 | Q18: Circuit miles in WUI
C19: 2.d. | D19: Circuit miles of overhead distribution lines planned for upgrades in WUI | I19: 0 | J19: 0 | K19: 3.900175 | L19: 0 | M19: 0 | N19: 0 | O19: 12.028377 | P19: 0.319571 | Q19: Circuit miles in WUI
C20: 2.e. | D20: Number of substations planned for upgrades (including WUI and non-WUI) | E20: 0 | F20: 0 | G20: 0 | H20: 0 | I20: 0 | J20: 0 | K20: 2 | L20: 1 | M20: 1 | N20: 0 | O20: 0 | P20: 0 | Q20: Number of substations
C21: 2.f. | D21: Number of substations planned for upgrades in WUI | E21: 0 | F21: 0 | G21: 0 | H21: 0 | I21: 0 | J21: 0 | K21: 2 | L21: 1 | M21: 1 | N21: 0 | O21: 0 | P21: 0 | Q21: Number of substations in WUI
C22: 2.g. | D22: Number of weather stations planned for upgrades (including WUI and non-WUI) | E22: 0 | F22: 0 | G22: 0 | H22: 0 | I22: 0 | J22: 0 | K22: 2 | L22: 1 | M22: 1 | N22: 0 | O22: 0 | P22: 0 | Q22: Number of weather stations
C23: 2.h. | D23: Number of weather stations planned for upgrades in WUI | E23: 0 | F23: 0 | G23: 0 | H23: 0 | I23: 0 | J23: 0 | K23: 2 | L23: 1 | M23: 1 | N23: 0 | O23: 0 | P23: 0 | Q23: Number of weather stations in WUI
A24: x | B24: 3. Planned utility infrastructure upgrades year over year - in highly rural areas | C24: 3.a. | D24: Circuit miles of overhead transmission lines planned for upgrades (including WUI and non-WUI) | I24: 0 | J24: 0 | K24: 0 | L24: 0 | M24: 0 | N24: 0 | O24: 0 | P24: 0 | Q24: Circuit miles
C25: 3.b. | D25: Circuit miles of overhead distribution lines planned for upgrades (including WUI and non-WUI) | I25: 0 | J25: 0 | K25: 0 | L25: 0 | M25: 0 | N25: 0 | O25: 0 | P25: 0 | Q25: Circuit miles
C26: 3.c. | D26: Circuit miles of overhead transmission lines planned for upgrades in WUI | I26: 0 | J26: 0 | K26: 0 | L26: 0 | M26: 0 | N26: 0 | O26: 0 | P26: 0 | Q26: Circuit miles in WUI
C27: 3.d. | D27: Circuit miles of overhead distribution lines planned for upgrades in WUI | I27: 0 | J27: 0 | K27: 0 | L27: 0 | M27: 0 | N27: 0 | O27: 0 | P27: 0 | Q27: Circuit miles in WUI
C28: 3.e. | D28: Number of substations planned for upgrades (including WUI and non-WUI) | E28: 0 | F28: 0 | G28: 0 | H28: 0 | I28: 0 | J28: 0 | K28: 0 | L28: 0 | M28: 0 | N28: 0 | O28: 0 | P28: 0 | Q28: Number of substations
C29: 3.f. | D29: Number of substations planned for upgrades in WUI | E29: 0 | F29: 0 | G29: 0 | H29: 0 | I29: 0 | J29: 0 | K29: 1 | L29: 0 | M29: 0 | N29: 0 | O29: 0 | P29: 0 | Q29: Number of substations in WUI
C30: 3.g. | D30: Number of weather stations planned for upgrades (including WUI and non-WUI) | E30: 0 | F30: 0 | G30: 0 | H30: 0 | I30: 0 | J30: 0 | K30: 0 | L30: 0 | M30: 0 | N30: 0 | O30: 0 | P30: 0 | Q30: Number of weather stations
C31: 3.h. | D31: Number of weather stations planned for upgrades in WUI | E31: 0 | F31: 0 | G31: 0 | H31: 0 | I31: 0 | J31: 0 | K31: 1 | L31: 0 | M31: 0 | N31: 0 | O31: 0 | P31: 0 | Q31: Number of weather stations in WUI
C61: Vegetation Management & Inspections

Sheet Table 11
B2: Utility | C2: =IF('Quarterly Submission Guide'!$D$20 = "", "",'Quarterly Submission Guide'!$D$20) -> Liberty | D2: Notes:
B3: Table No. | C3: 11 | D3: "PSPS" = Public Safety Power Shutoff
B4: Date Modified | C4: ='Quarterly Submission Guide'!D24 -> 44501 | D4: In future submissions update planned upgrade numbers with actuals
E5: Actual
B6: Table 11: Recent use of PSPS and other PSPS metrics | J6: 1 | K6: 2 | L6: 3 | M6: 4 | N6: 1 | O6: 2 | P6: 3 | Q6: 4 | R6: 1 | S6: 2 | T6: 3 | U6: 4
B7: Metric type | C7: # | D7: Outcome metric name | E7: 2015 | F7: 2016 | G7: 2017 | H7: 2018 | I7: 2019 | J7: 2020 | K7: 2020 | L7: 2020 | M7: 2020 | N7: 2021 | O7: 2021 | P7: 2021 | Q7: 2021 | R7: 2022 | S7: 2022 | T7: 2022 | U7: 2022 | V7: Unit(s) | W7: Comments
B8: 1. Recent use of PSPS | C8: 1.a. | D8: Frequency of PSPS events (total) | E8: 0 | F8: 0 | G8: 0 | H8: 1 | I8: 0 | J8: 0 | K8: 0 | L8: 0 | M8: 0 | N8: 0 | O8: 0 | P8: 0 | V8: Number of instances where utility operating protocol requires de-energization of a circuit or portion thereof to reduce ignition probability, per year. Only include events in which de-energization ultimately ocurred
C9: 1.b. | D9: Scope of PSPS events (total) | E9: 0 | F9: 0 | G9: 0 | H9: 3 | I9: 0 | J9: 0 | K9: 0 | L9: 0 | M9: 0 | N9: 0 | O9: 0 | P9: 0 | V9: Circuit-events, measured in number of events multiplied by number of circuits de-energized per year
C10: 1.c. | D10: Duration of PSPS events (total) | E10: 0 | F10: 0 | G10: 0 | H10: 90 | I10: 0 | J10: 0 | K10: 0 | L10: 0 | M10: 0 | N10: 0 | O10: 0 | P10: 0 | V10: Customer hours per year
B11: 2. Customer hours of PSPS and other outages | C11: 2.a. | D11: Customer hours of planned outages including PSPS (total) | F11: 5124 | G11: 7025 | H11: 31470 | I11: 113282 | J11: 29.8 | K11: 16742.7 | L11: 1521.9 | M11: 31517.2 | N11: 19409.86 | O11: 2187 | P11: 22928.83 | V11: Total customer hours of planned outages per year
C12: 2.b. | D12: Customer hours of unplanned outages, not including PSPS (total) | E12: 112599 | F12: 111988 | G12: 133267 | H12: 75720 | I12: 246866 | J12: 6294.2 | K12: 10143 | L12: 47305 | M12: 84162.4 | N12: 50977.485 | O12: 8517 | P12: 61661.16 | V12: Total customer hours of unplanned outages per year
C13: 2.c. | D13: System Average Interruption Duration Index (SAIDI) (including PSPS) | E13: 357.53 | F13: 213.63 | G13: 1597.37 | H13: 287.99 | I13: 416.51 | J13: 7.72 | K13: 12.44 | L13: 58.01 | M13: 103.21 | N13: 62.5171 | O13: 10.18983 | P13: 73.77058 | V13: SAIDI index value = sum of all interruptions in time period where each interruption is defined as sum(duration of interruption * # of customer interruptions) / Total number of customers served
C14: 2.d. | D14: System Average Interruption Duration Index (SAIDI) (excluding PSPS) | E14: 357.53 | F14: 213.63 | G14: 1597.37 | H14: 287.99 | I14: 416.51 | J14: 7.72 | K14: 12.44 | L14: 58.01 | M14: 103.21 | N14: 62.5171 | O14: 10.18983 | P14: 73.77058 | V14: SAIDI index value = sum of all interruptions in time period where each interruption is defined as sum(duration of interruption * # of customer interruptions) / Total number of customers served
C15: 2.e. | D15: System Average Interruption Frequency Index (SAIFI) (including PSPS) | E15: 2.01 | F15: 1.47 | G15: 3.97 | H15: 2.18 | I15: 2.96 | J15: 0.1212 | K15: 0.078 | L15: 1.0685 | M15: 0.2887 | N15: 0.3883 | O15: 0.07238 | P15: 0.547819 | V15: SAIFI index value = sum of all interruptions in time period where each interruption is defined as (total # of customer interruptions) / (total # of customers served)
C16: 2.f. | D16: System Average Interruption Frequency Index (SAIFI) (excluding PSPS) | E16: 2.01 | F16: 1.47 | G16: 3.97 | H16: 2.18 | I16: 2.96 | J16: 0.1212 | K16: 0.078 | L16: 1.0685 | M16: 0.2887 | N16: 0.3883 | O16: 0.07238 | P16: 0.547819 | V16: SAIFI index value = sum of all interruptions in time period where each interruption is defined as (total # of customer interruptions) / (total # of customers served)
B17: 3. Critical infrastructure impacted by PSPS | C17: 3.a. | D17: Critical infrastructure impacted by PSPS | E17: 0 | F17: 0 | G17: 0 | H17: 0 | I17: 0 | J17: 0 | K17: 0 | L17: 0 | M17: 0 | N17: 0 | O17: 0 | P17: 0 | V17: Number of critical infrastructure (in accordance with D.19-05-042) locations impacted per hour multiplied by hours offline per year
B18: 4. Community outreach of PSPS metrics | C18: 4.a. | D18: # of customers impacted by PSPS | E18: 0 | F18: 0 | G18: 0 | H18: 30 | I18: 0 | J18: 0 | K18: 0 | L18: 0 | M18: 0 | N18: 0 | O18: 0 | P18: 0 | V18: # of customers impacted by PSPS (if multiple PSPS events impact the same customer, count each event as a separate customer)
C19: 4.b. | D19: # of medical baseline customers impacted by PSPS | E19: 0 | F19: 0 | G19: 0 | H19: 0 | I19: 0 | J19: 0 | K19: 0 | L19: 0 | M19: 0 | N19: 0 | O19: 0 | P19: 0 | V19: # of customers impacted by PSPS (if multiple PSPS events impact the same customer, count each event as a separate customer)
C20: 4.c. | D20: # of customers notified prior to initiation of PSPS event | E20: 0 | F20: 0 | G20: 0 | H20: 0 | I20: 0 | J20: 0 | K20: 0 | L20: 0 | M20: 0 | N20: 0 | O20: 0 | P20: 0 | V20: # of customers notified of PSPS event prior to initiation (if multiple PSPS events impact the same customer, count each event in which customer was notified as a separate customer)
C21: 4.d. | D21: # of medical baseline customers notified prior to initiation of PSPS event | E21: 0 | F21: 0 | G21: 0 | H21: 0 | I21: 0 | J21: 0 | K21: 0 | L21: 0 | M21: 0 | N21: 0 | O21: 0 | P21: 0 | V21: # of customers notified of PSPS event prior to initiation (if multiple PSPS events impact the same customer, count each event in which customer was notified as a separate customer)
C22: 4.e. | D22: % of customers notified prior to a PSPS event impacting them | E22: 0 | F22: 0 | G22: 0 | H22: 0 | I22: 0 | J22: 0 | K22: 0 | L22: 0 | M22: 0 | N22: 0 | O22: 0 | P22: 0 | V22: =4.c. / 4.a.
C23: 4.f. | D23: % of medical baseline customers notified prior to a PSPS event impacting them | E23: 0 | F23: 0 | G23: 0 | H23: 0 | I23: 0 | J23: 0 | K23: 0 | L23: 0 | M23: 0 | N23: 0 | O23: 0 | P23: 0 | V23: =4.d. / 4.b.
B24: 5. Other PSPS metrics | C24: 5.a. | D24: Number of PSPS events triggered where no de-energization occurred | E24: 0 | F24: 0 | G24: 0 | H24: 0 | I24: 0 | J24: 0 | K24: 0 | L24: 0 | M24: 0 | N24: 0 | O24: 0 | P24: 0 | V24: Number of instances where utility notified the public of a potential PSPS event but no de-energization followed
C25: 5.b. | D25: Number of customers located on de-energized circuit | E25: 0 | F25: 0 | G25: 0 | H25: 185 | I25: 0 | J25: 0 | K25: 0 | L25: 0 | M25: 0 | N25: 0 | O25: 0 | P25: 0 | V25: Number of customers
C26: 5.c. | D26: Customer hours of PSPS per RFW OH circuit mile day | E26: 0 | F26: 0 | G26: 0 | H26: 0.03 | I26: 0 | J26: 0 | K26: 0 | L26: 0 | M26: 0 | N26: 0 | O26: 0 | P26: 0 | V26: =1.c. / RFW OH circuit mile days in time period
C27: 5.d. | D27: Frequency of PSPS events (total) - High Wind Warning wind conditions | E27: 0 | F27: 0 | G27: 0 | H27: 0 | I27: 0 | J27: 0 | K27: 0 | L27: 0 | M27: 0 | N27: 0 | O27: 0 | P27: 0 | V27: Events over time period that overlapped with a High Wind Warning as defined by the National Weather Service
C28: 5.e. | D28: Scope of PSPS events (total) - High Wind Warning wind conditions | E28: 0 | F28: 0 | G28: 0 | H28: 30 | I28: 0 | J28: 0 | K28: 0 | L28: 0 | M28: 0 | N28: 0 | O28: 0 | P28: 0 | V28: Estimated customers impacted over time period that overlapped with a High Wind Warning as defined by the National Weather Service
C29: 5.f. | D29: Duration of PSPS events (total) - High Wind Warning wind conditions | E29: 0 | F29: 0 | G29: 0 | H29: 90 | I29: 0 | J29: 0 | K29: 0 | L29: 0 | M29: 0 | N29: 0 | O29: 0 | P29: 0 | V29: Customer hours over time period that overlapped with a High Wind Warning as defined by the National Weather Service
C61: Vegetation Management & Inspections

Sheet Table 12
B2: Utility | C2: =IF('Quarterly Submission Guide'!$D$20 = "", "",'Quarterly Submission Guide'!$D$20) -> Liberty | D2: Notes:
B3: Table No. | C3: 12 | D3: Risk-Spend-Efficiency (RSE) is defined as "An estimate of the cost-effectiveness of initiative, calculated by dividing the mitigation risk reduction benefit by the mitigation cost estimate based on the full set of risk reduction benefits estimated from the incurred costs."
B4: Date Modified | C4: ='Quarterly Submission Guide'!D24 -> 44501 | D4: CAPEX = Capital expenditure; OPEX = Operating expenditure. In future submissions update planned spend, line miles treated, RSE, etc. with updated projections and actuals. Additional instructions can be found in QR information.
T5: Actual | U5: Actual | V5: Actual | W5: Actual | X5: Projected | Y5: Projected | Z5: Projected | AA5: Projected | AB5: Projected | AC5: Projected | AD5: Projected | AE5: Projected
B6: Table 12: Mitigation initiative financials | T6: CAPEX ($ thousands) | U6: OPEX ($ thousands) | V6: Line miles to be treated | W6: Alternative units (if used) | X6: CAPEX ($ thousands) | Y6: OPEX ($ thousands) | Z6: Line miles to be treated | AA6: Alternative units (if used) | AB6: CAPEX ($ thousands) | AC6: OPEX ($ thousands) | AD6: Line miles to be treated | AE6: Alternative units (if used)
B7: Metric type | C7: WMP Table # / Category | D7: WMP Initiative # | E7: Initative activity | F7: Primary driver targeted | G7: Secondary driver targeted | H7: Year initiated | I7: Estimated RSE in non-HFTD region | J7: Estimated RSE in HFTD Zone 1 | K7: Estimated RSE in HFTD Tier 2 | L7: Estimated RSE in HFTD Tier 3 | M7: If existing: most recent proceeding that has reviewed program | N7: If new: memorandum account | O7: Current compiance status - In / exceeding compliance with regulations | P7: Associated rule(s) - if multiple, separate by semi-colon - ";" | Q7: If spend not disaggregated by this activity, note activity where relevant spend is tracked in or mark "general operations" | R7: Alternative units in which initiative is reported (if not line miles); still required to report line miles | S7: Comments | T7: 2020 | U7: 2020 | V7: 2020 | W7: 2020 | X7: 2021 | Y7: 2021 | Z7: 2021 | AA7: 2021 | AB7: 2022 | AC7: 2022 | AD7: 2022 | AE7: 2022
B8: Other | C8: Risk Assessment & Mapping | D8: 7.3.1.1. | E8: A summarized risk map that shows the overall ignition probability and estimated wildfire consequence along the electric lines and equipment | F8: Contact with vegetation | G8: Equipment failure | H8: 2020 | I8: NA | J8: NA | K8: NA | L8: NA | M8: N/A | T8: 0 | U8: 67465 | V8: 0 | W8: 0 | X8: 0 | Y8: 10000 | Z8: 0 | AA8: 0 | AB8: 0 | AC8: 10000 | AD8: 0 | AE8: 0
B9: Other | C9: Risk Assessment & Mapping | D9: 7.3.1.2. | E9: Climate-driven risk map and modelling based on various relevant weather scenarios | F9: PSPS - for sectionalization, etc. | G9: Contact with vegetation | H9: 2020 | I9: NA | J9: NA | K9: NA | L9: NA | M9: N/A | T9: 0 | U9: 0 | V9: 0 | W9: 0 | X9: 0 | Y9: 0 | Z9: 0 | AA9: 0 | AB9: 0 | AC9: 0 | AD9: 0 | AE9: 0
B10: Other | C10: Risk Assessment & Mapping | D10: 7.3.1.3. | E10: Ignition probability mapping showing the probability of ignition along the electric lines and equipment | F10: Contact with vegetation | G10: Other contact with object | H10: 2020 | I10: NA | J10: NA | K10: NA | L10: NA | M10: N/A | T10: 0 | U10: 0 | V10: 0 | W10: 0 | X10: 0 | Y10: 0 | Z10: 0 | AA10: 0 | AB10: 0 | AC10: 0 | AD10: 0 | AE10: 0
B11: Other | C11: Risk Assessment & Mapping | D11: 7.3.1.4. | E11: Initiative mapping and estimation of wildfire and PSPS risk-reduction impact | F11: PSPS - for sectionalization, etc. | G11: Other contact with object | H11: 2021 | I11: NA | J11: NA | K11: NA | L11: NA | M11: N/A | T11: 0 | U11: 0 | V11: 0 | W11: 0 | X11: 0 | Y11: 0 | Z11: 0 | AA11: 0 | AB11: 0 | AC11: 0 | AD11: 0 | AE11: 0
B12: Other | C12: Risk Assessment & Mapping | D12: 7.3.1.5. | E12: Match drop simulations showing the potential wildfire consequence of ignitions that occur along the electric lines and equipment | F12: Other contact with object | G12: Contact with vegetation | H12: 2020 | I12: NA | J12: NA | K12: NA | L12: NA | M12: N/A | T12: 0 | U12: 0 | V12: 0 | W12: 0 | X12: 0 | Y12: 0 | Z12: 0 | AA12: 0 | AB12: 0 | AC12: 0 | AD12: 0 | AE12: 0
B13: Other | C13: Situational Awareness & Forecasting | D13: 7.3.2.1. | E13: Advanced weather monitoring and weather stations | F13: PSPS - for sectionalization, etc. | H13: 2019 | I13: NA | J13: NA | K13: NA | L13: NA | M13: 2020 WMP | N13: WFMMA | O13: Exceeds compliance with regulations | R13: # of weather stations installed | T13: 242878.98 | U13: 0 | V13: 0 | W13: 20 | X13: 120000 | Y13: 0 | Z13: 0 | AA13: 10 | AB13: 15000 | AC13: 0 | AD13: 0 | AE13: 1
B14: Other | C14: Situational Awareness & Forecasting | D14: 7.3.2.2. | E14: Continuous monitoring sensors | F14: Equipment failure | I14: NA | J14: 171.56 | K14: 171.56 | L14: 171.56 | T14: 158124.9 | U14: 0 | V14: 0 | W14: 0 | X14: 50000 | Y14: 115000 | Z14: 0 | AA14: 0 | AB14: 100000 | AC14: 115000 | AD14: 0 | AE14: 0
B15: Other | C15: Situational Awareness & Forecasting | D15: 7.3.2.3. | E15: Fault indicators for detecting faults on electric lines and equipment | F15: Equipment failure | I15: NA | J15: NA | K15: NA | L15: NA | T15: 0 | U15: 0 | V15: 0 | W15: 0 | X15: 0 | Y15: 0 | Z15: 0 | AA15: 0 | AB15: 0 | AC15: 0 | AD15: 0 | AE15: 0
B16: Other | C16: Situational Awareness & Forecasting | D16: 7.3.2.4. | E16: Forecast of a fire risk index, fire potential index, or similar | F16: PSPS - for sectionalization, etc. | H16: 2020 | I16: NA | J16: NA | K16: NA | L16: NA | M16: 2020 WMP | N16: WFMMA | O16: Exceeds | R16: N/A | T16: 0 | U16: 44312.5 | V16: 0 | W16: 0 | X16: 0 | Y16: 10000 | Z16: 0 | AA16: 0 | AB16: 0 | AC16: 10000 | AD16: 0 | AE16: 0
B17: Other | C17: Situational Awareness & Forecasting | D17: 7.3.2.5. | E17: Personnel monitoring areas of electric lines and equipment in elevated fire risk conditions | F17: Equipment failure | G17: Other contact with object | H17: 2019 | I17: NA | J17: NA | K17: NA | L17: NA | Q17: Personnel work procedures and training in conditions of elevated fire risk | T17: 0 | U17: 0 | V17: 0 | W17: 0 | X17: 0 | Y17: 0 | Z17: 0 | AA17: 0 | AB17: 0 | AC17: 0 | AD17: 0 | AE17: 0
B18: Other | C18: Situational Awareness & Forecasting | D18: 7.3.2.6. | E18: Weather forecasting and estimating impacts on electric lines and equipment | F18: PSPS - for sectionalization, etc. | I18: NA | J18: NA | K18: NA | L18: NA | T18: 0 | U18: 0 | V18: 0 | W18: 0 | X18: 0 | Y18: 0 | Z18: 0 | AA18: 0 | AB18: 0 | AC18: 0 | AD18: 0 | AE18: 0
B19: Grid hardening | C19: Grid Design & System Hardening | D19: 7.3.3.1. | E19: Capacitor maintenance and replacement program | F19: Equipment failure | H19: 2011 | I19: NA | J19: NA | K19: NA | L19: NA | O19: In compliance GO 165 | P19: GO 165 | T19: 0 | U19: 0 | V19: 0 | W19: 0 | X19: 0 | Y19: 0 | Z19: 0 | AA19: 0 | AB19: 0 | AC19: 0 | AD19: 0 | AE19: 0
B20: Grid hardening | C20: Grid Design & System Hardening | D20: 7.3.3.2. | E20: Circuit breaker maintenance and installation to de-energize lines upon detecting a fault | F20: Equipment failure | H20: TBD | I20: NA | J20: NA | K20: NA | L20: NA | O20: Exceeds compliance with regulations | T20: 0 | U20: 0 | V20: 0 | W20: 0 | X20: 500000 | Y20: 0 | Z20: 0 | AA20: 0 | AB20: 5500000 | AC20: 0 | AD20: 0 | AE20: 0
B21: Grid hardening | C21: Grid Design & System Hardening | D21: 7.3.3.3. | E21: Covered conductor installation | F21: Other contact with object | G21: Equipment failure | H21: 2019 | I21: NA | J21: 0.26919273 | K21: 0.26919273 | L21: 0.26919273 | M21: 2020 WMP | O21: In compliance with R20A | P21: R20A | R21: # of Poles | T21: 7820184.5 | U21: 0 | V21: 6.82 | W21: 172 | X21: 16564617 | Y21: 0 | Z21: 9.14 | AA21: 244 | AB21: 12034498 | AC21: 0 | AD21: 8.68 | AE21: 210
B22: Grid hardening | C22: Grid Design & System Hardening | D22: 7.3.3.4. | E22: Covered conductor maintenance | H22: TBD | I22: NA | J22: NA | K22: NA | L22: NA | O22: TBD | T22: 0 | U22: 0 | V22: 0 | W22: 0 | X22: 0 | Y22: 0 | Z22: 0 | AA22: 0 | AB22: 0 | AC22: 0 | AD22: 0 | AE22: 0
B23: Grid hardening | C23: Grid Design & System Hardening | D23: 7.3.3.5. | E23: Crossarm maintenance, repair, and replacement | F23: Equipment failure | H23: 2021 | I23: NA | O23: In compliance with GO95, GO 165 | P23: GO 95; GO165 | T23: 89121.4 | U23: 5450.28 | V23: 0 | W23: 0 | X23: 0 | Y23: 0 | Z23: 0 | AA23: 0 | AB23: 0 | AC23: 0 | AD23: 0 | AE23: 0
B24: Grid hardening | C24: Grid Design & System Hardening | D24: 7.3.3.6. | E24: Distribution pole replacement and reinforcement, including with composite poles | F24: Equipment failure | H24: 2011 | M24: 2020 WMP | O24: In compliance GO 165 | P24: GO 165 | R24: # of Poles | T24: 3651519.3 | U24: 0 | V24: 0 | W24: 64 | X24: 10605000 | Y24: 0 | Z24: 0 | AA24: 400 | AB24: 2610250 | AC24: 0 | AD24: 0 | AE24: 0
B25: Grid hardening | C25: Grid Design & System Hardening | D25: 7.3.3.7. | E25: Expulsion fuse replacement | F25: Equipment failure | H25: 2011 | I25: 2.2896508 | J25: 2.2896508 | K25: 2.2896508 | L25: 2.2896508 | M25: 2020 WMP | O25: In compliance GO 165 | P25: GO 165 | R25: # of Expulsion fuse | T25: 737939.49 | U25: 0 | V25: 0 | W25: 853 | X25: 1200000 | Y25: 0 | Z25: 0 | AA25: 1500 | AB25: 1702260 | AC25: 0 | AD25: 0 | AE25: 0
B26: Grid hardening | C26: Grid Design & System Hardening | D26: 7.3.3.8. | E26: Grid topology improvements to mitigate or reduce PSPS events | F26: PSPS - for sectionalization, etc. | H26: 2011 | M26: 2020 WMP | O26: In compliance with R20A | P26: R20A | T26: 671872.43 | U26: 0 | V26: 0 | W26: 0 | X26: 0 | Y26: 0 | Z26: 0 | AA26: 0 | AB26: 0 | AC26: 0 | AD26: 0 | AE26: 0
B27: Grid hardening | C27: Grid Design & System Hardening | D27: 7.3.3.9. | E27: Installation of system automation equipment | F27: PSPS - for sectionalization, etc. | H27: 2011 | M27: 2020 WMP | O27: Exceeds compliance with regulations | R27: # of Reclosers | T27: 453587.96 | U27: 0 | V27: 0 | W27: 7 | X27: 300000 | Y27: 0 | Z27: 0 | AA27: 3 | AB27: 360000 | AC27: 0 | AD27: 0 | AE27: 3
B28: Grid hardening | C28: Grid Design & System Hardening | D28: 7.3.3.10. | E28: Maintenance, repair, and replacement of connectors, including hotline clamps | H28: 2011 | O28: In compliance GO 174 | P28: GO 174 | T28: 0 | U28: 0 | V28: 0 | W28: 0 | X28: 0 | Y28: 0 | Z28: 0 | AA28: 0 | AB28: 0 | AC28: 0 | AD28: 0 | AE28: 0
B29: Grid hardening | C29: Grid Design & System Hardening | D29: 7.3.3.11. | E29: Mitigation of impact on customers and other residents affected during PSPS event | H29: 2020 | O29: Exceeds compliance with regulations | T29: 0 | U29: 0 | V29: 0 | W29: 0 | X29: 0 | Y29: 0 | Z29: 0 | AA29: 0 | AB29: 0 | AC29: 0 | AD29: 0 | AE29: 0
B30: Grid hardening | C30: Grid Design & System Hardening | D30: 7.3.3.12. | E30: Other corrective action | H30: TBD | O30: TBD | R30: # of tree attachment removals | T30: 1357691 | U30: 14861.06 | V30: 0 | W30: 60 | X30: 2290000 | Y30: 0 | Z30: 0 | AA30: 70 | AB30: 2501500 | AC30: 0 | AD30: 0 | AE30: 0
B31: Grid hardening | C31: Grid Design & System Hardening | D31: 7.3.3.13. | E31: Pole loading infrastructure hardening and replacement program based on pole loading assessment program | F31: Equipment failure | H31: 2011 | I31: 0.80182813 | J31: 0.80182813 | K31: 0.80182813 | L31: 0.80182813 | M31: 2020 WMP | O31: In compliance GO 165 | P31: GO 165 | T31: 0 | U31: 0 | V31: 0 | W31: 0 | X31: 0 | Y31: 0 | Z31: 0 | AA31: 0 | AB31: 0 | AC31: 0 | AD31: 0 | AE31: 0
B32: Grid hardening | C32: Grid Design & System Hardening | D32: 7.3.3.14. | E32: Transformers maintenance and replacement | H32: 2011 | I32: NA | J32: NA | K32: NA | L32: NA | O32: In compliance GO 165, GO 95 | P32: GO 95; GO 165 | T32: 0 | U32: 0 | V32: 0 | W32: 0 | X32: 0 | Y32: 0 | Z32: 0 | AA32: 0 | AB32: 0 | AC32: 0 | AD32: 0 | AE32: 0
B33: Grid hardening | C33: Grid Design & System Hardening | D33: 7.3.3.15. | E33: Transmission tower maintenance and replacement | H33: 2019 | I33: NA | J33: NA | K33: NA | L33: NA | O33: Exceeds compliance with regulations | T33: 0 | U33: 0 | V33: 0 | W33: 0 | X33: 0 | Y33: 0 | Z33: 0 | AA33: 0 | AB33: 0 | AC33: 0 | AD33: 0 | AE33: 0
B34: Grid hardening | C34: Grid Design & System Hardening | D34: 7.3.3.16. | E34: Undergrounding of electric lines and/or equipment | F34: Other contact with object | G34: Equipment failure | H34: TBD | I34: 0.44414161 | J34: 0.44414161 | K34: 0.44414161 | L34: 0.44414161 | M34: 2020 WMP | O34: Exceeds compliance with regulations | R34: # of feet | T34: 522413.55 | U34: 0 | V34: 0 | W34: 0 | X34: 1445414 | Y34: 0 | Z34: 0 | AA34: 2060 | AB34: 7654120 | AC34: 0 | AD34: 0 | AE34: 0
B35: Grid hardening | C35: Grid Design & System Hardening | D35: 7.3.3.17. | E35: Updates to grid topology to minimize risk of ignition in HFTDs | F35: Equipment failure | G35: Other contact with object | H35: 2020 | M35: 2020 WMP | O35: Exceeds compliance with regulations | T35: 0 | U35: 0 | V35: 0 | W35: 0 | X35: 0 | Y35: 0 | Z35: 0 | AA35: 0 | AB35: 0 | AC35: 0 | AD35: 0 | AE35: 0
B36: Asset inspection | C36: Asset Management & Inspections | D36: 7.3.4.1. | E36: Detailed inspections of distribution electric lines and equipment | F36: Equipment failure | G36: Other contact with object | H36: 2011 | I36: 0 | J36: 0 | K36: 0 | L36: 0 | M36: 2019 GRC | O36: In Compliance | P36: GO95; GO128; GO165 | Q36: Detailed inspections of distribution electric lines and equipment | R36: Detailed inspections of distribution electric lines and equipment | S36: Liberty CalPeco does not have separate programs for distribution and transmission inspections | T36: 0 | U36: 837622.26 | V36: 0 | W36: 0 | X36: 0 | Y36: 200000 | Z36: 0 | AA36: 0 | AB36: 0 | AC36: 300000 | AD36: 0 | AE36: 0
B37: Asset inspection | C37: Asset Management & Inspections | D37: 7.3.4.2. | E37: Detailed inspections of transmission electric lines and equipment | F37: Equipment failure | G37: Other contact with object | H37: 2011 | I37: 0 | J37: 0 | K37: 0 | L37: 0 | M37: 2019 GRC | O37: In Compliance | P37: GO95; GO128; GO165 | Q37: Detailed inspections of transmission electric lines and equipment | R37: Detailed inspections of transmission electric lines and equipment | S37: Liberty CalPeco does not have separate programs for distribution and transmission inspections | T37: 0 | U37: 0 | V37: 0 | W37: 0 | X37: 0 | Y37: 0 | Z37: 0 | AA37: 0 | AB37: 0 | AC37: 0 | AD37: 0 | AE37: 0
B38: Asset inspection | C38: Asset Management & Inspections | D38: 7.3.4.3. | E38: Improvement of inspections | F38: Equipment failure | G38: Other contact with object | H38: 2020 | I38: 0 | J38: 0 | K38: 0 | L38: 0 | M38: 2020 WMP | O38: In Compliance | P38: GO95; GO128; GO165 | Q38: Improvement of inspections | R38: Improvement of inspections | T38: 0 | U38: 0 | V38: 0 | W38: 0 | X38: 0 | Y38: 150000 | Z38: 0 | AA38: 0 | AB38: 0 | AC38: 150000 | AD38: 0 | AE38: 0
B39: Asset inspection | C39: Asset Management & Inspections | D39: 7.3.4.4. | E39: Infrared inspections of distribution electric lines and equipment | F39: Equipment failure | G39: Other contact with object | H39: 2021 | I39: 0 | J39: 0 | K39: 0 | L39: 0 | M39: N/A | O39: In Compliance | Q39: Infrared inspections of distribution electric lines and equipment | R39: Infrared inspections of distribution electric lines and equipment | S39: RFP in 2021, pilot in 2022 | T39: 0 | U39: 0 | V39: 0 | W39: 0 | X39: 0 | Y39: 35000 | Z39: 0 | AA39: 0 | AB39: 0 | AC39: 200000 | AD39: 0 | AE39: 0
B40: Asset inspection | C40: Asset Management & Inspections | D40: 7.3.4.5. | E40: Infrared inspections of transmission electric lines and equipment | F40: Equipment failure | G40: Other contact with object | H40: 2021 | I40: 0 | J40: 0 | K40: 0 | L40: 0 | M40: N/A | O40: In Compliance | Q40: Infrared inspections of transmission electric lines and equipment | R40: Infrared inspections of transmission electric lines and equipment | S40: RFP in 2021, pilot in 2022 | T40: 0 | U40: 0 | V40: 0 | W40: 0 | X40: 0 | Y40: 0 | Z40: 0 | AA40: 0 | AB40: 0 | AC40: 0 | AD40: 0 | AE40: 0
B41: Asset inspection | C41: Asset Management & Inspections | D41: 7.3.4.6. | E41: Intrusive pole inspections | F41: Equipment failure | G41: Other contact with object | H41: 2011 | I41: 0 | J41: 0 | K41: 0 | L41: 0 | M41: 2019 GRC | O41: In Compliance | P41: GO95; GO165 | Q41: Intrusive pole inspections | R41: Intrusive pole inspections | T41: 0 | U41: 10403.98 | V41: 0 | W41: 0 | X41: 0 | Y41: 147000 | Z41: 0 | AA41: 0 | AB41: 0 | AC41: 101626 | AD41: 0 | AE41: 0
B42: Asset inspection | C42: Asset Management & Inspections | D42: 7.3.4.7. | E42: LiDAR inspections of distribution electric lines and equipment | F42: Equipment failure | G42: Other contact with object | H42: 0 | I42: 0 | J42: 0 | K42: 0 | L42: 0 | M42: N/A | O42: In Compliance | Q42: LiDAR inspections of distribution electric lines and equipment | R42: LiDAR inspections of distribution electric lines and equipment | S42: No plans for LiDAR inspections this filing | T42: 0 | U42: 0 | V42: 0 | W42: 0 | X42: 0 | Y42: 0 | Z42: 0 | AA42: 0 | AB42: 0 | AC42: 0 | AD42: 0 | AE42: 0
B43: Asset inspection | C43: Asset Management & Inspections | D43: 7.3.4.8. | E43: LiDAR inspections of transmission electric lines and equipment | F43: Equipment failure | G43: Other contact with object | H43: 0 | I43: 0 | J43: 0 | K43: 0 | L43: 0 | M43: N/A | O43: In Compliance | Q43: LiDAR inspections of transmission electric lines and equipment | R43: LiDAR inspections of transmission electric lines and equipment | S43: No plans for LiDAR inspections this filing | T43: 0 | U43: 0 | V43: 0 | W43: 0 | X43: 0 | Y43: 0 | Z43: 0 | AA43: 0 | AB43: 0 | AC43: 0 | AD43: 0 | AE43: 0
B44: Asset inspection | C44: Asset Management & Inspections | D44: 7.3.4.9. | E44: Other discretionary inspection of distribution electric lines and equipment, beyond inspections mandated by rules and regulations | F44: Equipment failure | G44: Other contact with object | H44: 2020 | I44: 0 | J44: 0 | K44: 0 | L44: 0 | M44: 2020 WMP | O44: Exceeds Compliance | P44: GO95; GO128; GO165 | Q44: Other discretionary inspection of distribution electric lines and equipment, beyond inspections mandated by rules and regulations | R44: Other discretionary inspection of distribution electric lines and equipment, beyond inspections mandated by rules and regulations | S44: System Survey completed in 2020 | T44: 0 | U44: 0 | V44: 0 | W44: 0 | X44: 0 | Y44: 2300000 | Z44: 0 | AA44: 0 | AB44: 0 | AC44: 0 | AD44: 0 | AE44: 0
B45: Asset inspection | C45: Asset Management & Inspections | D45: 7.3.4.10. | E45: Other discretionary inspection of transmission electric lines and | F45: Equipment failure | G45: Other contact with object | H45: 2020 | I45: 0 | J45: 0 | K45: 0 | L45: 0 | M45: 2020 WMP | O45: Exceeds Compliance | P45: GO95; GO128; GO165 | Q45: Other discretionary inspection of transmission electric lines and | R45: Other discretionary inspection of transmission electric lines and | S45: System Survey completed in 2020 | T45: 2994266.5 | U45: 0 | V45: 0 | W45: 0 | X45: 0 | Y45: 0 | Z45: 0 | AA45: 0 | AB45: 0 | AC45: 0 | AD45: 0 | AE45: 0
B46: Asset inspection | C46: Asset Management & Inspections | D46: 7.3.4.11. | E46: Patrol inspections of distribution electric lines and equipment | F46: Equipment failure | G46: Other contact with object | H46: 2011 | I46: 0 | J46: 0 | K46: 0 | L46: 0 | M46: 2019 GRC | O46: In Compliance | P46: GO95; GO165 | Q46: Patrol inspections of distribution electric lines and equipment | R46: Patrol inspections of distribution electric lines and equipment | S46: Liberty CalPeco does not have separate programs for distribution and transmission inspections | T46: 0 | U46: 0 | V46: 0 | W46: 0 | X46: 0 | Y46: 0 | Z46: 0 | AA46: 0 | AB46: 0 | AC46: 0 | AD46: 0 | AE46: 0
B47: Asset inspection | C47: Asset Management & Inspections | D47: 7.3.4.12. | E47: Patrol inspections of transmission electric lines and equipment | F47: Equipment failure | G47: Other contact with object | H47: 2011 | I47: 0 | J47: 0 | K47: 0 | L47: 0 | M47: 2019 GRC | O47: In Compliance | P47: GO95; GO165 | Q47: Patrol inspections of transmission electric lines and equipment | R47: Patrol inspections of transmission electric lines and equipment | S47: Liberty CalPeco does not have separate programs for distribution and transmission inspections | T47: 0 | U47: 0 | V47: 0 | W47: 0 | X47: 0 | Y47: 0 | Z47: 0 | AA47: 0 | AB47: 0 | AC47: 0 | AD47: 0 | AE47: 0
B48: Asset inspection | C48: Asset Management & Inspections | D48: 7.3.4.13. | E48: Pole loading assessment program to determine safety factor | F48: Equipment failure | G48: Other contact with object | H48: 2013 | I48: 0 | J48: 0 | K48: 0 | L48: 0 | M48: 2019 GRC | O48: In Compliance | P48: GO95 | Q48: Pole loading assessment program to determine safety factor | R48: Pole loading assessment program to determine safety factor | T48: 0 | U48: 0 | V48: 0 | W48: 0 | X48: 0 | Y48: 100000 | Z48: 0 | AA48: 0 | AB48: 0 | AC48: 100000 | AD48: 0 | AE48: 0
B49: Asset inspection | C49: Asset Management & Inspections | D49: 7.3.4.14. | E49: Quality assurance / quality control of inspections | F49: Equipment failure | G49: Other contact with object | H49: 2021 | I49: 0 | J49: 0 | K49: 0 | L49: 0 | M49: N/A | O49: In Compliance | P49: GO95; GO128; GO165 | Q49: Quality assurance / quality control of inspections | R49: Quality assurance / quality control of inspections | S49: RFP in 2021, pilot in 2022 | T49: 0 | U49: 0 | V49: 0 | W49: 0 | X49: 0 | Y49: 35000 | Z49: 0 | AA49: 0 | AB49: 0 | AC49: 200000 | AD49: 0 | AE49: 0
B50: Asset inspection | C50: Asset Management & Inspections | D50: 7.3.4.15. | E50: Substation inspections | F50: Equipment failure | G50: Other contact with object | H50: 2016 | I50: 0 | J50: 0 | K50: 0 | L50: 0 | M50: 2019 GRC | O50: In Compliance | P50: GO174 | Q50: Substation inspections | R50: Substation inspections | T50: 0 | U50: 0 | V50: 0 | W50: 0 | X50: 0 | Y50: 10000 | Z50: 0 | AA50: 0 | AB50: 0 | AC50: 10000 | AD50: 0 | AE50: 0
B51: Vegetation management project | C51: Vegetation Management & Inspections | D51: 7.3.5.1. | E51: Additional efforts to manage community and environmental impacts | F51: Contact with vegetation | H51: 2020 | M51: 2020 WMP | N51: WMPMA | O51: Exceeding | P51: GO 95 Rule 35; PRC 4293 | T51: 0 | U51: 771043.4 | V51: 0 | W51: 0 | X51: 0 | Y51: 750000 | Z51: 0 | AA51: 0 | AB51: 0 | AC51: 772100 | AD51: 0 | AE51: 0
B52: Vegetation inspection | C52: Vegetation Management & Inspections | D52: 7.3.5.2. | E52: Detailed inspections of vegetation around distribution electric lines and equipment | F52: Contact with vegetation | H52: 2011 | I52: 0.27 | J52: 0.27 | K52: 0.27 | L52: 0.27 | M52: 2019 GRC | O52: Exceeding | P52: GO 95 Rule 35; PRC 4293 | R52: Number of trees inspected resulting in a work order | T52: 0 | U52: 555763.18 | V52: 0 | W52: 0 | X52: 0 | Y52: 610000 | Z52: 0 | AA52: 0 | AB52: 0 | AC52: 628300 | AD52: 0 | AE52: 0
B53: Vegetation inspection | C53: Vegetation Management & Inspections | D53: 7.3.5.3. | E53: Detailed inspections of vegetation around transmission electric lines and equipment | T53: 0 | U53: 0 | V53: 0 | W53: 0 | X53: 0 | Y53: 0 | Z53: 0 | AA53: 0 | AB53: 0 | AC53: 0 | AD53: 0 | AE53: 0
B54: Vegetation management project | C54: Vegetation Management & Inspections | D54: 7.3.5.4. | E54: Emergency response vegetation management due to red flag warning or other urgent conditions | T54: 0 | U54: 0 | V54: 0 | W54: 0 | X54: 0 | Y54: 0 | Z54: 0 | AA54: 0 | AB54: 0 | AC54: 0 | AD54: 0 | AE54: 0
B55: Vegetation management project | C55: Vegetation Management & Inspections | D55: 7.3.5.5. | E55: Fuel management and reduction of “slash” from vegetation management activities | F55: Equipment failure | H55: 2020 | M55: 2020 WMP | N55: WMPMA | O55: Exceeding | P55: PRC 4291; PRC 4292 | T55: 0 | U55: 354688.67 | V55: 0 | W55: 0 | X55: 0 | Y55: 2000000 | Z55: 0 | AA55: 0 | AB55: 0 | AC55: 2000000 | AD55: 0 | AE55: 0
B56: Vegetation inspection | C56: Vegetation Management & Inspections | D56: 7.3.5.6. | E56: Improvement of inspections | I56: 0.27 | J56: 0.27 | K56: 0.27 | L56: 0.27 | T56: 0 | U56: 0 | V56: 0 | W56: 0 | X56: 0 | Y56: 0 | Z56: 0 | AA56: 0 | AB56: 0 | AC56: 0 | AD56: 0 | AE56: 0
B57: Vegetation inspection | C57: Vegetation Management & Inspections | D57: 7.3.5.7. | E57: LiDAR inspections of vegetation around distribution electric lines and equipment | F57: Contact with vegetation | H57: 2020 | N57: WMPMA | O57: Exceeding | P57: GO 95 Rule 35; PRC 4293 | T57: 369297.79 | U57: 0 | V57: 320 | W57: 0 | X57: 400000 | Y57: 420000 | Z57: 328 | AA57: 0 | AB57: 0 | AC57: 820000 | AD57: 0 | AE57: 0
B58: Vegetation inspection | C58: Vegetation Management & Inspections | D58: 7.3.5.8. | E58: LiDAR inspections of vegetation around transmission electric lines and equipment | T58: 0 | U58: 0 | V58: 0 | W58: 0 | X58: 0 | Y58: 0 | Z58: 0 | AA58: 0 | AB58: 0 | AC58: 0 | AD58: 0 | AE58: 0
B59: Vegetation inspection | C59: Vegetation Management & Inspections | D59: 7.3.5.9. | E59: Other discretionary inspections of vegetation around distribution electric lines and equipment | F59: Contact with vegetation | H59: 2020 | M59: 2020 WMP | N59: WMPMA | O59: Exceeding | P59: GO 95 Rule 35; PRC 4293 | R59: Number of trees inspected resulting in a work order | T59: 0 | U59: 85138.73 | V59: 0 | W59: 0 | X59: 0 | Y59: 0 | Z59: 0 | AA59: 0 | AB59: 0 | AC59: 0 | AD59: 0 | AE59: 0
B60: Vegetation inspection | C60: Vegetation Management & Inspections | D60: 7.3.5.10. | E60: Other discretionary inspections of vegetation around transmission electric lines and equipment | T60: 0 | U60: 0 | V60: 0 | W60: 0 | X60: 0 | Y60: 0 | Z60: 0 | AA60: 0 | AB60: 0 | AC60: 0 | AD60: 0 | AE60: 0
B61: Vegetation inspection | C61: Vegetation Management & Inspections | D61: 7.3.5.11. | E61: Patrol inspections of vegetation around distribution electric lines and equipment | F61: Contact with vegetation | H61: 2018 | M61: 2019 GRC | R61: Number of trees inspected resulting in a work order | T61: 0 | U61: 420800.43 | V61: 0 | W61: 0 | X61: 0 | Y61: 450000 | Z61: 0 | AA61: 0 | AB61: 0 | AC61: 465000 | AD61: 0 | AE61: 0
B62: Vegetation inspection | C62: Vegetation Management & Inspections | D62: 7.3.5.12. | E62: Patrol inspections of vegetation around transmission electric lines and equipment | T62: 0 | U62: 0 | V62: 0 | W62: 0 | X62: 0 | Y62: 0 | Z62: 0 | AA62: 0 | AB62: 0 | AC62: 0 | AD62: 0 | AE62: 0
B63: Vegetation inspection | C63: Vegetation Management & Inspections | D63: 7.3.5.13. | E63: Quality assurance / quality control of vegetation inspections | F63: Contact with vegetation | H63: 2020 | I63: NA | J63: NA | K63: NA | L63: NA | M63: 2020 WMP | N63: WMPMA | T63: 0 | U63: 67032.79 | V63: 0 | W63: 0 | X63: 0 | Y63: 250000 | Z63: 0 | AA63: 0 | AB63: 0 | AC63: 250000 | AD63: 0 | AE63: 0
B64: Vegetation management project | C64: Vegetation Management & Inspections | D64: 7.3.5.14. | E64: Recruiting and training of vegetation management personnel | I64: NA | J64: NA | K64: NA | L64: NA | T64: 0 | U64: 0 | V64: 0 | W64: 0 | X64: 0 | Y64: 0 | Z64: 0 | AA64: 0 | AB64: 0 | AC64: 0 | AD64: 0 | AE64: 0
B65: Vegetation management project | C65: Vegetation Management & Inspections | D65: 7.3.5.15. | E65: Remediation of at-risk species | F65: Contact with vegetation | H65: 2011 | M65: 2019 GRC | O65: Exceeding | P65: GO 95 Rule 35; PRC 4293 | R65: Number of trees pruned or removed | T65: 0 | U65: 7338323.2 | V65: 0 | W65: 0 | X65: 0 | Y65: 5500000 | Z65: 0 | AA65: 0 | AB65: 0 | AC65: 5150000 | AD65: 0 | AE65: 0
B66: Vegetation management project | C66: Vegetation Management & Inspections | D66: 7.3.5.16. | E66: Removal and remediation of trees with strike potential to electric lines and equipment | F66: Contact with vegetation | H66: 2018 | M66: 2019 GRC | O66: Exceeding | P66: GO 95 Rule 35; PRC 4293 | R66: Number of trees pruned or removed | T66: 0 | U66: 2722530.4 | V66: 0 | W66: 0 | X66: 0 | Y66: 2200000 | Z66: 0 | AA66: 0 | AB66: 0 | AC66: 2200000 | AD66: 0 | AE66: 0
B67: Vegetation inspection | C67: Vegetation Management & Inspections | D67: 7.3.5.17. | E67: Substation inspection | I67: NA | J67: NA | K67: NA | L67: NA | T67: 0 | U67: 0 | V67: 0 | W67: 0 | X67: 0 | Y67: 0 | Z67: 0 | AA67: 0 | AB67: 0 | AC67: 0 | AD67: 0 | AE67: 0
B68: Vegetation management project | C68: Vegetation Management & Inspections | D68: 7.3.5.18. | E68: Substation vegetation management | I68: NA | J68: NA | K68: NA | L68: NA | T68: 0 | U68: 0 | V68: 0 | W68: 0 | X68: 0 | Y68: 0 | Z68: 0 | AA68: 0 | AB68: 0 | AC68: 0 | AD68: 0 | AE68: 0
B69: Vegetation management project | C69: Vegetation Management & Inspections | D69: 7.3.5.19. | E69: Vegetation inventory system | I69: NA | J69: NA | K69: NA | L69: NA | T69: 0 | U69: 0 | V69: 0 | W69: 0 | X69: 0 | Y69: 0 | Z69: 0 | AA69: 0 | AB69: 0 | AC69: 0 | AD69: 0 | AE69: 0
B70: Vegetation management project | C70: Vegetation Management & Inspections | D70: 7.3.5.20 | E70: Vegetation management to achieve clearances around electric lines and equipment | F70: Contact with vegetation | H70: 2011 | M70: 2019 GRC | O70: Exceeding | P70: GO 95 Rule 35; PRC 4293 | T70: 0 | U70: 0 | V70: 0 | W70: 0 | X70: 0 | Y70: 1000000 | Z70: 0 | AA70: 0 | AB70: 0 | AC70: 1500000 | AD70: 0 | AE70: 0
B71: Other | C71: Grid Operations & Operating Protocols | D71: 7.3.6.1. | E71: Automatic recloser operations | F71: Contact with vegetation | G71: Equipment failure | H71: 2011 | I71: NA | J71: NA | K71: NA | L71: NA | M71: 2020 WMP | N71: WMPMA | O71: In compliance | T71: 0 | U71: 0 | V71: 0 | W71: 0 | X71: 0 | Y71: 0 | Z71: 0 | AA71: 0 | AB71: 0 | AC71: 0 | AD71: 0 | AE71: 0
B72: Other | C72: Grid Operations & Operating Protocols | D72: 7.3.6.2. | E72: Crew-accompanying ignition prevention and suppression resources and services | I72: NA | J72: NA | K72: NA | L72: NA | T72: 0 | U72: 0 | V72: 0 | W72: 0 | X72: 0 | Y72: 0 | Z72: 0 | AA72: 0 | AB72: 0 | AC72: 0 | AD72: 0 | AE72: 0
B73: Other | C73: Grid Operations & Operating Protocols | D73: 7.3.6.3. | E73: Personnel work procedures and training in conditions of elevated fire risk | I73: NA | J73: NA | K73: NA | L73: NA | T73: 0 | U73: 278575.7 | V73: 0 | W73: 0 | X73: 0 | Y73: 250000 | Z73: 0 | AA73: 0 | AB73: 0 | AC73: 250000 | AD73: 0 | AE73: 0
B74: Other | C74: Grid Operations & Operating Protocols | D74: 7.3.6.4. | E74: Protocols for PSPS re-energization | F74: PSPS - for sectionalization, etc. | G74: Other contact with object | H74: 2020 | I74: NA | J74: NA | K74: NA | L74: NA | M74: GO 166 | N74: WMPMA | O74: In compliance | T74: 0 | U74: 0 | V74: 0 | W74: 0 | X74: 0 | Y74: 0 | Z74: 0 | AA74: 0 | AB74: 0 | AC74: 0 | AD74: 0 | AE74: 0
B75: Other | C75: Grid Operations & Operating Protocols | D75: 7.3.6.5. | E75: PSPS events and mitigation of PSPS impacts | I75: NA | J75: NA | K75: NA | L75: NA | T75: 0 | U75: 0 | V75: 0 | W75: 0 | X75: 0 | Y75: 0 | Z75: 0 | AA75: 0 | AB75: 0 | AC75: 0 | AD75: 0 | AE75: 0
B76: Other | C76: Grid Operations & Operating Protocols | D76: 7.3.6.6. | E76: Stationed and on-call ignition prevention and suppression resources and services | I76: NA | J76: NA | K76: NA | L76: NA | R76: # of vehicles | T76: 92730.64 | U76: 0 | V76: 0 | W76: 2 | X76: 298000 | Y76: 0 | Z76: 0 | AA76: 0 | AB76: 200000 | AC76: 0 | AD76: 0 | AE76: 0
B77: Other | C77: Data Governance | D77: 7.3.7.1. | E77: Centralized repository for data | I77: NA | J77: NA | K77: NA | L77: NA | T77: 0 | U77: 0 | V77: 0 | W77: 0 | X77: 0 | Y77: 162500 | Z77: 0 | AA77: 0 | AB77: 0 | AC77: 165875 | AD77: 0 | AE77: 0
B78: Other | C78: Data Governance | D78: 7.3.7.2. | E78: Collaborative research on utility ignition and/or wildfire | F78: Contact with vegetation | G78: Other contact with object | H78: 2021 | I78: NA | J78: NA | K78: NA | L78: NA | M78: 2020 WMP | N78: WMPMA | O78: In compliance | T78: 0 | U78: 1138.14 | V78: 0 | W78: 0 | X78: 0 | Y78: 255000 | Z78: 0 | AA78: 0 | AB78: 100000 | AC78: 85000 | AD78: 0 | AE78: 0
B79: Other | C79: Data Governance | D79: 7.3.7.3. | E79: Documentation and disclosure of wildfire-related data and algorithms | I79: NA | J79: NA | K79: NA | L79: NA | T79: 0 | U79: 0 | V79: 0 | W79: 0 | X79: 0 | Y79: 0 | Z79: 0 | AA79: 0 | AB79: 0 | AC79: 0 | AD79: 0 | AE79: 0
B80: Other | C80: Data Governance | D80: 7.3.7.4. | E80: Tracking and analysis of near miss data | I80: NA | J80: NA | K80: NA | L80: NA | T80: 0 | U80: 0 | V80: 0 | W80: 0 | X80: 0 | Y80: 0 | Z80: 0 | AA80: 0 | AB80: 0 | AC80: 0 | AD80: 0 | AE80: 0
B81: Other | C81: Resource Allocation Methodology | D81: 7.3.8.1. | E81: Allocation methodology development and application | I81: NA | J81: NA | K81: NA | L81: NA | T81: 0 | U81: 0 | V81: 0 | W81: 0 | X81: 0 | Y81: 123750 | Z81: 0 | AA81: 0 | AB81: 0 | AC81: 254925 | AD81: 0 | AE81: 0
B82: Other | C82: Resource Allocation Methodology | D82: 7.3.8.2. | E82: Risk reduction scenario development and analysis | I82: NA | J82: NA | K82: NA | L82: NA | T82: 0 | U82: 0 | V82: 0 | W82: 0 | X82: 0 | Y82: 0 | Z82: 0 | AA82: 0 | AB82: 0 | AC82: 0 | AD82: 0 | AE82: 0
B83: Other | C83: Resource Allocation Methodology | D83: 7.3.8.3. | E83: Risk spend efficiency analysis | I83: NA | J83: NA | K83: NA | L83: NA | T83: 0 | U83: 0 | V83: 0 | W83: 0 | X83: 0 | Y83: 0 | Z83: 0 | AA83: 0 | AB83: 0 | AC83: 0 | AD83: 0 | AE83: 0
B84: Other | C84: Emergency Planning & Preparedness | D84: 7.3.9.1. | E84: Adequate and trained workforce for service restoration | F84: PSPS - for sectionalization, etc. | G84: Other contact with object | H84: 2011 | I84: NA | J84: NA | K84: NA | L84: NA | M84: 2020 WMP | N84: WMPMA | O84: In compliance | T84: 0 | U84: 502233.25 | V84: 0 | W84: 0 | X84: 0 | Y84: 899597.5 | Z84: 0 | AA84: 0 | AB84: 0 | AC84: 1304067.6 | AD84: 0 | AE84: 0
B85: Other | C85: Emergency Planning & Preparedness | D85: 7.3.9.2. | E85: Community outreach, public awareness, and communications efforts | I85: NA | J85: NA | K85: NA | L85: NA | T85: 0 | U85: 0 | V85: 0 | W85: 0 | X85: 0 | Y85: 0 | Z85: 0 | AA85: 0 | AB85: 0 | AC85: 0 | AD85: 0 | AE85: 0
B86: Other | C86: Emergency Planning & Preparedness | D86: 7.3.9.3 | E86: Customer support in emergencies | I86: NA | J86: NA | K86: NA | L86: NA | T86: 0 | U86: 0 | V86: 0 | W86: 0 | X86: 0 | Y86: 0 | Z86: 0 | AA86: 0 | AB86: 0 | AC86: 0 | AD86: 0 | AE86: 0
B87: Other | C87: Emergency Planning & Preparedness | D87: 7.3.9.4. | E87: Disaster and emergency preparedness plan | I87: NA | J87: NA | K87: NA | L87: NA | T87: 0 | U87: 0 | V87: 0 | W87: 0 | X87: 0 | Y87: 0 | Z87: 0 | AA87: 0 | AB87: 0 | AC87: 0 | AD87: 0 | AE87: 0
B88: Other | C88: Emergency Planning & Preparedness | D88: 7.3.9.5. | E88: Preparedness and planning for service restoration | F88: PSPS - for sectionalization, etc. | G88: Equipment failure | H88: 2011 | I88: NA | J88: NA | K88: NA | L88: NA | M88: 2020 WMP | O88: In compliance | T88: 0 | U88: 0 | V88: 0 | W88: 0 | X88: 0 | Y88: 0 | Z88: 0 | AA88: 0 | AB88: 0 | AC88: 0 | AD88: 0 | AE88: 0
B89: Other | C89: Emergency Planning & Preparedness | D89: 7.3.9.6. | E89: Protocols in place to learn from wildfire events | I89: NA | J89: NA | K89: NA | L89: NA | T89: 0 | U89: 0 | V89: 0 | W89: 0 | X89: 0 | Y89: 0 | Z89: 0 | AA89: 0 | AB89: 0 | AC89: 0 | AD89: 0 | AE89: 0
B90: Other | C90: Stakeholder Cooperation & Community Engagement | D90: 7.3.10.1 | E90: Community engagement | H90: 2019 | I90: NA | J90: NA | K90: NA | L90: NA | M90: 2020 WMP | N90: WMPMA | O90: Exceeds | P90: P.U. Code § 451 | T90: 0 | U90: 92083.94 | V90: 0 | W90: 0 | X90: 0 | Y90: 251250 | Z90: 0 | AA90: 0 | AB90: 0 | AC90: 390375 | AD90: 0 | AE90: 0
B91: Other | C91: Stakeholder Cooperation & Community Engagement | D91: 7.3.10.2 | E91: Cooperation and best practice sharing with agencies outside CA | T91: 0 | U91: 0 | V91: 0 | W91: 0 | X91: 0 | Y91: 0 | Z91: 0 | AA91: 0 | AB91: 0 | AC91: 0 | AD91: 0 | AE91: 0
B92: Other | C92: Stakeholder Cooperation & Community Engagement | D92: 7.3.10.3 | E92: Cooperation with suppression agencies | T92: 0 | U92: 0 | V92: 0 | W92: 0 | X92: 0 | Y92: 0 | Z92: 0 | AA92: 0 | AB92: 0 | AC92: 0 | AD92: 0 | AE92: 0
B93: Other | C93: Stakeholder Cooperation & Community Engagement | D93: 7.3.10.4 | E93: Forest service and fuel reduction cooperation and joint roadmap | T93: 0 | U93: 0 | V93: 0 | W93: 0 | X93: 0 | Y93: 0 | Z93: 0 | AA93: 0 | AB93: 0 | AC93: 0 | AD93: 0 | AE93: 0
T94: =SUM(T8:T93) -> 19161628 | U94: =SUM(U8:U93) -> 14169467 | X94: =SUM(X8:X93) -> 33773031 | Y94: =SUM(Y8:Y93) -> 18234098 | AB94: =SUM(AB8:AB93) -> 32777628 | AC94: =SUM(AC8:AC93) -> 17432269
